 Dungeon Crawl Stone Soup version 0.21.1-1-g345015fe64 (webtiles) character file.

5488592 Draugr the Petrodigitator (level 27, 265/281 HPs)
             Began as a Vampire Enchanter on Mar 15, 2018.
             Was the Champion of Kikubaaqudgha.
             Escaped with the Orb
             ... and 15 runes on Mar 24, 2018!
             The game lasted 1 day 22:18:41 (422983 turns).

Draugr the Petrodigitator (Vampire Enchanter) Turns: 422983, Time: 1 , 22:18:41

Health: 265/281    AC: 46    Str: 11    XL:     27
Magic:  42/57      EV: 32    Int: 31    God:    Kikubaaqudgha [******]
Gold:   29029      SH: 21    Dex: 26    Spells: 1/80 levels left

rFire    + + +     SeeInvis +   c - +9 demon blade (slice)
rCold    + + .     Gourm    .   e - +2 shield of Resistance {rF+ rC+ MR+}
rNeg     + + +     Faith    .   J - +8 fire dragon scales
rPois    ∞         Spirit   .   o - +2 helmet of Xeciapt {rElec rCorr}
rElec    +         Reflect  .   E - +2 cloak {+Inv}
rCorr    +         Harm     .   q - +3 pair of gloves of Dice, Bag, and Bottle {MR+ MP+9 Dex+4 Stlth+}
MR       +++++                  U - +2 pair of boots {run}
Stlth    ++++......             Z - amulet of Ziozel {Regen+ Str+3}
HPRegen  0.00/turn              b - ring of the Devil {rN+ Dex+7}
MPRegen  0.35/turn              i - ring of Ebenogai {MR++ EV+3 Int+4}

@: bloodless, non-regenerating, quick
A: fangs 3, rugged brown scales 1, see invisible, dopey 1, low mp 1, poison
resistance, robust 1, shaggy fur 2, unbreathing, no potion heal 2
0: Orb of Zot
}: 15/15 runes: decaying, slimy, silver, golden, iron, obsidian, icy, bone,
abyssal, demonic, glowing, magical, fiery, dark, gossamer
a: Bat Form, Receive Corpses, Torment, Renounce Religion, Evoke Invisibility


You escaped.
You worshipped Kikubaaqudgha.
Kikubaaqudgha was exalted by your worship.
You were bloodless.

You visited 18 branches of the dungeon, and saw 90 of its levels.
You visited Pandemonium 2 times, and saw 13 of its levels.
You visited the Abyss 147 times.
You visited 1 bazaar.
You visited 2 ziggurats, and saw 25 of their levels (deepest: 16).
You also visited: Volcano and Wizlab.

You collected 33891 gold pieces.
You spent 4862 gold pieces at shops.

Inventory:

Hand Weapons
 c - a +9 demon blade of slicing (weapon)
 P - a +9 quick blade of electrocution
 W - the +11 dagger of the Eternal Warrior {drain, +Blink}
   (You found it on level 3 of the Crypt)

   A truly terrible weapon, it drains the life of those it strikes.
   It lets you blink.
Armour
 e - the +2 shield of Resistance (worn) {rF+ rC+ MR+}
   (You acquired it on level 2 of the Orcish Mines)

   It protects you from fire.
   It protects you from cold.
   It affects your resistance to hostile enchantments.
 o - the +2 helmet of Xeciapt (worn) {rElec rCorr}
   (You found it on level 8 of a ziggurat)

   It insulates you from electricity.
   It protects you from acid and corrosion.
 q - the +3 pair of gloves of Dice, Bag, and Bottle (worn) {MR+ MP+9 Dex+4 Stlth+}
   (You found it on level 3 of the Abyss)

   It affects your dexterity (+4).
   It affects your resistance to hostile enchantments.
   It affects your magic capacity (+9).
   It makes you more stealthy.
 E - a +2 cloak of invisibility (worn)
 J - +8 fire dragon scales (worn)
 U - a +2 pair of boots of running (worn)
Jewellery
 b - the ring of the Devil (left hand) {rN+ Dex+7}
   (You found it on level 1 of the Abyss)

   [ring of positive energy]

   It affects your dexterity (+7).
   It protects you from negative energy.
 i - the ring of Ebenogai (right hand) {MR++ EV+3 Int+4}
   (You acquired it on level 2 of the Orcish Mines)

   [ring of evasion]

   It affects your evasion (+3).
   It affects your intelligence (+4).
   It affects your resistance to hostile enchantments.
 x - an uncursed ring of flight
 y - the ring "Ropp" {Str+4 Slay+3}
   (You acquired it in Pandemonium)

   [ring of slaying]

   It affects your strength (+4).
   It affects your accuracy and damage with ranged weapons and melee attacks
   (+3).
 z - the ring "Ezuhou" {*Slow rC+ rN+ Dex+2 SInv}
   (You acquired it in Pandemonium)

   [ring of positive energy]

   It affects your dexterity (+2).
   It protects you from cold.
   It protects you from negative energy.
   It lets you see invisible.
   It may slow you when you take damage.
 A - the ring "Zeuqud" {Wiz rPois MR+}
   (You took it off Antaeus on level 7 of Cocytus)

   [ring of wizardry]

   It improves your spell success rate.
   It protects you from poison.
   It affects your resistance to hostile enchantments.
 B - an uncursed ring of protection from fire
 D - a +6 amulet of reflection
 H - the ring "Canliz" {+Blink rC+ MR- Int+3 Dex+3 SInv}
   (You found it on level 3 of the Abyss)

   [ring of intelligence]

   It affects your intelligence (+3).
   It affects your dexterity (+3).
   It protects you from cold.
   It affects your resistance to hostile enchantments.
   It lets you see invisible.
   It lets you blink.
 I - the ring of Weahas {rElec rF- rN+ MR+ Int+5}
   (You found it on level 3 of the Crypt)

   [ring of positive energy]

   It affects your intelligence (+5).
   It makes you vulnerable to fire.
   It insulates you from electricity.
   It protects you from negative energy.
   It affects your resistance to hostile enchantments.
 L - the ring of Robustness {AC+8}
   (You took it off a deep elf blademaster on level 3 of the Elven Halls)

   [ring of protection]

   It affects your AC (+8).
 O - an uncursed amulet of magic regeneration
 S - an uncursed ring of protection from cold
 Z - the amulet of Ziozel (around neck) {Regen+ Str+3}
   (You found it on level 3 of the Crypt)

   [amulet of regeneration]

   It affects your strength (+3).
   It increases your rate of regeneration.
Wands
 m - a wand of paralysis (43)
 G - a wand of enslavement (27)
 K - a wand of clouds (25)
 N - a wand of digging (106)
 Q - a wand of acid (84)
Scrolls
 k - 6 scrolls of silence
 n - 19 scrolls of vulnerability
 p - 61 scrolls of identify
 t - 16 scrolls of magic mapping
 v - 32 scrolls of fog
 F - 16 scrolls of blinking
 M - 23 scrolls of fear
 R - 7 scrolls of summoning
 T - a scroll of remove curse
 X - 43 scrolls of teleportation
Potions
 a - 7 potions of ambrosia
 d - 4 potions of blood
 f - 2 potions of magic
 g - 7 potions of mutation
 h - 25 potions of brilliance
 j - 27 potions of heal wounds
 l - 25 potions of might
 r - 7 potions of flight
 s - 13 potions of cancellation
 u - 20 potions of agility
 w - 8 potions of haste
 C - 76 potions of curing
 V - 15 potions of resistance
Miscellaneous
 Y - a crystal ball of energy


   Skills:
 O Level 27 Fighting
 - Level 25.2(27) Short Blades
 - Level 24.1(27) Long Blades
 O Level 27 Armour
 O Level 27 Dodging
 O Level 27 Stealth
 O Level 27 Shields
 O Level 27 Spellcasting
 O Level 27 Conjurations
 - Level 20.0 Hexes
 - Level 11.0 Charms
 O Level 27 Summonings
 - Level 19.7 Necromancy
 + Level 21.5 Translocations
 - Level 9.0 Transmutations
 O Level 27 Fire Magic
   Level 5.0 Ice Magic
 - Level 11.1 Air Magic
 O Level 27 Earth Magic
 O Level 27 Evocations


You had one spell level left.
You knew the following spells:

 Your Spells              Type           Power        Failure   Level  Hunger
a - Lehudib's Crystal Sp  Conj/Erth      ########..   1%          8    #......
b - Controlled Blink      Tloc           N/A          1%          8    #......
c - Confuse               Hex            ########     0%          3    None
d - Lee's Rapid Deconstr  Erth           ########..   0%          5    None
e - Deflect Missiles      Chrm/Air       #######...   2%          6    None
f - Animate Dead          Necr           N/A          0%          4    None
g - Dispel Undead         Necr           ########     0%          5    None
h - Spellforged Servitor  Conj/Summ      ########..   1%          7    None
i - Fire Storm            Conj/Fire      ########..   4%          9    ####...
j - Iron Shot             Conj/Erth      ########..   0%          6    None
k - Haunt                 Necr/Summ      ########..   1%          7    None
l - Shatter               Erth           ########..   4%          9    ####...
m - Passwall              Tmut/Erth      ########..   0%          2    None


Dungeon Overview and Level Annotations

Branches:
Dungeon (15/15)            Temple (1/1) D:7            Lair (6/6) D:9
  Swamp (4/4) Lair:3       Spider (4/4) Lair:2        Slime (5/5) Lair:6
    Orc (2/2) D:12            Elf (3/3) Orc:2        Vaults (5/5) D:13
  Crypt (3/3) Vaults:2       Tomb (3/3) Crypt:3      Depths (5/5) D:15
   Hell (1/1)                 Dis (7/7) Hell            Geh (7/7) Hell
    Coc (7/7) Hell            Tar (7/7) Hell            Zot (5/5) Depths:5

Altars:
Ashenzari
Cheibriados
Dithmenos
Elyvilon
Fedhas
Gozag
Hepliaklqana
Kikubaaqudgha
Makhleb
Nemelex Xobeh
Okawaru
Qazlal
Ru
Sif Muna
Trog
Uskayaw
Vehumet
Wu Jian
Xom
Yredelemnul
Zin
The Shining One
Beogh
Jiyva

Shops:
D:6 [   Orc:2 ?*=?   Elf:1 =   Elf:3 (   Vaults:1 (   Vaults:5 ?!!%!   Zot:2 *
Depths:2 [?*!

Portals:
Hell: Depths:1 Depths:2 Depths:3 Depths:4 Depths:5
Abyss: Depths:4
Pandemonium: Depths:3 Depths:5

Annotations:
D:3 endorz's ghost, amateur MiFi
Slime:5 Royal Jelly
Vaults:4 Sojobo


Innate Abilities, Weirdness & Mutations

You do not heal naturally.
You are immune to poison.
You have razor-sharp teeth.
You have supernaturally acute eyesight. (SInv)
You can survive without breathing.
You are partially covered in rugged brown scales. (AC +1, +3% HP)
You are dopey. (Int -2)
Your magical capacity is low. (-10% MP)
Your system is resistant to poisons. (rPois)
You are robust. (+10% HP)
You are covered in thick fur. (AC +2)
Potions are poor at restoring your health.


Message History

Casting: Iron Shot
Confirm with . or Enter, or press ? or * to list all spells.
Aiming: Lehudib's Crystal Spear
Press: ? - help, Shift-Dir - straight line, f - Executioner
Aim: an Executioner (hasn't noticed you)
The crystal spear hits the Executioner.
You kill the Executioner!
Kikubaaqudgha accepts your kill.
(D) Dungeon (T) Temple (L) Lair (S) Swamp (N) Spider Nest (M) Slime Pits (O) Orcish Mines (E) Elven Halls (V) Vaults (C) Crypt (W) Tomb (U) Depths (H) Hell (I) Dis (G) Gehenna (X) Cocytus (Y) Tartarus (Z) Zot
Where to? (Enter - D:1 @ (x,y), ? - help)
There is a staircase leading out of the dungeon here.
You are a level 27 Vampire Enchanter.
I'm sorry, level 27 is as high as you can go.
With the way you've been playing, I'm surprised you got this far.
Play time: 1 day 22:18:32 (422982 turns)
You have escaped!

...............>..#
####.######.#####.#
#.##.######.#####.##
...................##############
............#####................
#.##.####.########.##############
#.##.# #.##.....#.# #
#.##.####.##....##.# #
#.........#.....@#.# ###########
#.##.#######.#####.# #..........
#.##.#####....# #..# #.#########
(......##..#.## #.## #.#
.#######...### #.# #.#
...####..### ####†# #.#
.#..#.#..## #..#.## #.#
.#........# ##.##..# #.####
.##.#..######.####.## #....#


There were no monsters in sight!

Vanquished Creatures
  Cerebov (Pan)
  Antaeus (Coc:7)
  Asmodeus (Geh:7)
  Ereshkigal (Tar:7)
  Gloorx Vloq (Pan)
  Mnoleg (Pan)
  the Serpent of Hell (Geh:7)
  Lom Lobon (Pan)
  30 ancient liches
  21 pandemonium lords
  4 orbs of fire
  2 juggernauts (Depths:4)
  Mennas (Tomb:2)
  The ghost of zx48k the Conqueror, a legendary CeGl of Ashenzari (Pan)
  36 greater mummies
  Bai Suzhen (Depths:1)
  Saint Roka (Vaults:1)
  11 shard shrikes
  8 Killer Klowns
  Margery (Depths:4)
  A caustic shrike (Depths:4)
  3 curse toes
  Geryon (Hell)
  Nikola (Swamp:3)
  9 golden dragons
  24 profane servitors
  158 bone dragons
  Jory (Vaults:5)
  26 doom hounds
  5 electric golems
  8 iron giants
  Arachne (Spider:3)
  Jorgrun (Depths:3)
  45 Tzitzimimeh
  42 Brimstone Fiends
  16 Hell Sentinels
  19 hellephants
  Rupert (Spider:1)
  32 Ice Fiends
  43 tentacled monstrosities
  8 deep elf master archers
  14 Orb Guardians (Zot:5)
  17 quicksilver dragons
  The ghost of DildoBatman the Bewitcher, an adept FoEn of Sif Muna (Elf:3)
  107 liches
  14 sphinxes
  8 titans
  3 deep elf blademasters
  481 tentacled starspawn
  Gastronok (D:9)
  Agnes (Spider:1)
  21 acid blobs
  53 Executioners
  An eldritch tentacle (Abyss:3)
  25 ancient champions
  11 tengu reavers
  6 death cobs
  28 shadow dragons
  4 thorn hunters
  10 storm dragons
  Kirke (Spider:1)
  Roxanne (D:15)
  A storm dragon (shapeshifter) (Vaults:3)
  8 warmongers
  Donald (Orc:2)
  14 draconian monks
  9 azure jellies
  10 daevas
  26 revenants
  2 fire giants (shapeshifter)
  7 draconian knights
  7 iron dragons
  An azure jelly (shapeshifter) (Zig:14)
  13 draconian scorchers
  23 deep elf sorcerers
  15 fire giants
  A juggernaut zombie (Depths:3)
  2 orc warlords
  14 frost giants
  14 ghost moths
  88 balrugs
  22 vault wardens
  3 emperor scorpions
  11 draconian shifters
  7 curse skulls
  14 deep elf elementalists
  Louise (Spider:1)
  36 cacodemons
  20 war gargoyles
  4 spriggan defenders
  7 draconian annihilators
  153 reapers
  9 draconian stormcallers
  201 very ugly things
  5 elemental wellsprings
  A ghoul (Abyss:2)
  8 angels
  6 blood saints
  3 entropy weavers
  11 ironheart preservers
  10 ophanim
  8 black suns
  12 corrupters
  12 bennus
  An entropy weaver (shapeshifter) (Zig:14)
  Nessos (Lair:5)
  17 green draconians
  21 stone giants
  10 black draconians
  13 yellow draconians
  15 deep elf demonologists
  34 lorocyprocas
  20 vampire knights
  8 deep elf annihilators
  A dire elephant (shapeshifter) (Zig:16)
  A spark wasp (shapeshifter) (Vaults:4)
  A dire elephant (D:15)
  4 spark wasps
  13 red draconians
  Azrael (D:14)
  17 purple draconians
  An ettin (shapeshifter) (Depths:3)
  18 white draconians
  11 quicksilver dragon zombies
  9 deep elf death magi
  A fire dragon (shapeshifter) (Zig:12)
  59 blizzard demons
  29 eidola
  The ghost of dundn the Thaumaturge, a journeyman GrAE of the Shining One (D:10)
  4 death oozes
  Snorg (Lair:3)
  5 crystal guardians
  Josephine (D:9)
  A minotaur (shapeshifter) (Vaults:1)
  17 ettins
  26 yaktaur captains
  46 great orbs of eyes
  39 green deaths
  A merfolk impaler (Depths:1)
  33 mummy priests
  5 deep elf high priests
  15 fire dragons
  The ghost of supermoro the Fighter, a journeyman MiFi of Okawaru (Lair:1)
  62 rakshasas
  20 monstrous demonspawn
  22 jiangshi
  20 naga warriors
  Fannar (Lair:3)
  30 hydras
  35 ice dragons
  9 quicksilver dragon skeletons
  A hydra (shapeshifter) (Zig:16)
  Harold (Lair:4)
  7 spriggan air magi
  34 vault guards
  6 hell beasts
  Erica (D:10)
  7 ghost crabs
  A merfolk avatar (Abyss:3)
  14 centaur warriors
  5 catoblepae
  23 ogre magi
  2 anacondas (shapeshifter)
  11 death knights
  67 two-headed ogres
  5 deep troll shamans
  An alligator snapping turtle (shapeshifter) (Zig:16)
  6 alligators
  13 death scarabs
  423 thrashing horrors
  3 death yaks
  118 hell hogs
  9 deep troll earth magi
  2 tengu warriors
  44 dancing weapons
  3 orc high priests
  102 soul eaters
  21 titan zombies
  23 vampire magi
  A naga sharpshooter (Abyss:3)
  3 spriggan berserkers
  141 hell knights
  134 sun demons
  16 titan skeletons
  286 wretched stars
  15 storm dragon zombies
  A shock serpent (shapeshifter) (Abyss:2)
  2 fire crabs (shapeshifter)
  91 spatial maelstroms
  10 iron trolls
  26 deep elf knights
  Sonja (Lair:4)
  52 shadow wraiths
  295 skeletal warriors
  2 iron trolls (shapeshifter)
  9 iron golems
  38 unseen horrors
  66 shadow demons
  A sea snake (shapeshifter) (Abyss:1)
  149 sixfirhies
  3 ghost moth zombies
  2 spriggan druids
  22 deep elf archers
  A death drake (shapeshifter) (Abyss:3)
  8 gelid demonspawn (Pan)
  13 storm dragon skeletons
  16 anaconda zombies
  A cherub (Pan)
  38 flayed ghosts
  6 infernal demonspawn (Pan)
  8 golden dragon zombies
  An unseen horror (shapeshifter) (Abyss:1)
  9 swamp dragons
  57 glowing orange brains
  7 torturous demonspawn (Pan)
  2 shambling mangroves
  2 kraken simulacra
  20 anaconda skeletons
  10 death drakes
  A deep troll (shapeshifter) (Abyss:2)
  An orange crystal statue (Zig:14)
  18 deep trolls
  A swamp dragon (shapeshifter) (Abyss:2)
  2 quicksilver dragon simulacra (Abyss:3)
  Pikel (D:8)
  38 phantasmal warriors
  27 wizards
  2 spectral hydras (Swamp:3)
  11 golden dragon skeletons
  A harpy (shapeshifter) (Abyss:3)
  A lindwurm (shapeshifter) (Abyss:1)
  21 ironbrand convokers
  13 shadow dragon zombies
  2 sphinx zombies
  75 necromancers
  An orb spider (shapeshifter) (Vaults:1)
  14 wolf spider zombies
  20 iron dragon zombies
  10 harpies
  80 ugly things
  The ghost of ysobel the Spear-Bearer, a novice MfGl of Wu Jian (D:6)
  8 orc knights
  6 orc sorcerers
  2 tengu skeletons
  3 oklob plants (Lair:2)
  A manticore (shapeshifter) (Depths:4)
  156 worldbinders
  2 shining eyes (shapeshifter)
  8 shadow dragon skeletons
  29 orb spiders
  31 wolf spiders
  2 fauns (shapeshifter)
  17 shining eyes
  107 deep elf magi
  3 mana vipers (shapeshifter)
  4 mana vipers
  18 frost giant zombies
  11 salamanders
  6 cyclopes
  8 iron dragon skeletons
  22 stone giant skeletons
  2 toenail golems
  27 fire giant zombies
  24 stone giant zombies
  19 moths of wrath
  A wolf spider (shapeshifter) (Zig:16)
  4 black mambas (shapeshifter)
  4 moths of wrath (shapeshifter)
  111 rust devils
  5 elephants
  5 ice statues
  Maurice (Orc:2)
  10 dire elephant zombies
  16 frost giant skeletons
  15 fire giant skeletons
  34 guardian serpents
  9 molten gargoyles
  3 black mambas
  4 titan simulacra
  5 shock serpent zombies
  393 smoke demons
  16 dire elephant skeletons
  98 apocalypse crabs
  5 guardian serpents (shapeshifter)
  4 storm dragon simulacra
  13 eyes of devastation
  Psyche (D:10)
  25 spiny frogs
  13 vault sentinels
  5 gargoyles
  7 naga magi
  119 orange demons
  4 torpor snails
  A yellow draconian zombie (Abyss:3)
  A red draconian zombie (Crypt:1)
  2 catoblepas zombies
  6 shock serpent skeletons
  97 freezing wraiths
  81 hellions
  4 spectral swamp worms (Depths:1)
  18 kobold demonologists
  3 komodo dragons (shapeshifter)
  51 demonic crawlers
  5 emperor scorpion zombies
  2 swamp worm zombies (Swamp:3)
  102 tormentors
  69 ice devils
  26 yaktaurs
  4 rime drakes
  308 ancient zymes
  58 guardian mummies
  A pale draconian skeleton (Crypt:1)
  A yaktaur (shapeshifter) (Abyss:3)
  2 golden dragon simulacra (Abyss:3)
  7 komodo dragons
  3 anaconda simulacra (Coc:7)
  77 efreet
  A black draconian skeleton (Coc:4)
  A purple draconian skeleton (Abyss:1)
  4 catoblepas skeletons
  7 harpy zombies
  130 red devils
  8 human skeletons
  2 minotaur zombies (Abyss:3)
  3 queen bees (shapeshifter)
  15 silent spectres
  A tengu conjurer (Depths:1)
  2 merfolk
  4 merfolk (shapeshifter)
  A green draconian skeleton (Tar:5)
  5 trolls (shapeshifter)
  96 hellwings
  26 jumping spiders
  2 meliai (shapeshifter)
  3 polar bears (shapeshifter)
  A wind drake (shapeshifter) (Abyss:1)
  A wolf spider simulacrum (Abyss:3)
  15 trolls
  2 wind drakes (Abyss:1)
  103 blink frogs
  2 polar bears
  2 shadow dragon simulacra
  5 harpy skeletons
  23 hydra zombies
  A queen bee (Lair:2)
  4 spectral swamp dragons (Swamp:3)
  A minotaur skeleton (Tar:1)
  6 tyrant leeches
  A hornet (shapeshifter) (D:15)
  A raiju (shapeshifter) (Abyss:3)
  107 slime creatures
  42 hornets
  15 bog bodies
  19 hydra skeletons
  5 stone giant simulacra
  A dream sheep (shapeshifter) (Abyss:3)
  2 iron dragon simulacra
  3 fire giant simulacra
  15 alligator zombies
  4 hippogriffs (shapeshifter)
  19 ice dragon zombies
  A dream sheep (Zig:6)
  16 fire dragon zombies
  7 hippogriffs
  21 ettin zombies
  1047 large abominations
  A frost giant simulacrum (Abyss:3)
  2 dire elephant simulacra
  422 flying skulls
  746 raiju
  2 shock serpent simulacra
  7 black mamba zombies
  16 fire dragon skeletons
  20 ettin skeletons
  83 redbacks
  21 air elementals
  1156 starcursed masses
  21 ushabtiu
  101 wraiths
  303 ynoxinuls
  A satyr skeleton (Crypt:1)
  36 tarantellas
  2 tarantellas (shapeshifter)
  13 ice dragon skeletons
  84 shadows
  48 fire elementals
  2 orc simulacra
  34 water elementals
  2 hogs (Spider:2)
  12 spriggans
  23 vampires
  19 wyverns
  8 alligator skeletons
  8 basilisks
  A fire bat (shapeshifter) (Abyss:3)
  56 golden eyes
  4 black mamba skeletons
  46 yaks
  84 fire bats
  210 neqoxecs
  2 tyrant leech zombies (Swamp:3)
  2 human simulacra
  36 hungry ghosts
  A golden eye (shapeshifter) (Abyss:1)
  2 basilisks (shapeshifter)
  A catoblepas simulacrum (Abyss:1)
  2 steam dragons (D:6)
  21 vampire mosquitoes
  An emperor scorpion simulacrum (Abyss:2)
  A hog (shapeshifter) (Abyss:3)
  Menkaure (D:7)
  67 insubstantial wisps
  37 spatial vortices
  2 nagas (shapeshifter)
  18 swamp worms
  197 chaos spawn
  A swamp worm (shapeshifter) (Abyss:1)
  A warg (Vaults:1)
  An orb spider zombie (Crypt:1)
  An acid dragon (shapeshifter) (Vaults:4)
  36 nagas
  A soldier ant (D:13)
  19 spiny frog zombies
  A monstrous demonspawn zombie (Abyss:1)
  3 acid dragons
  224 hell hounds
  25 water moccasins
  A deep troll skeleton (Crypt:2)
  A merfolk skeleton (Geh:7)
  A soldier ant (shapeshifter) (Abyss:3)
  4 hydra simulacra
  9 porcupines
  3 floating eyes
  2 floating eyes (shapeshifter)
  2 swamp drakes (shapeshifter)
  9 swamp drakes
  33 ice beasts
  26 sky beasts
  3 ice dragon simulacra
  3 black bears
  An ettin simulacrum (Abyss:2)
  An eye of draining (shapeshifter) (Abyss:1)
  10 spiny frog skeletons
  A tengu (shapeshifter) (Abyss:1)
  A fire dragon simulacrum (Abyss:3)
  60 necrophages
  36 orc warriors
  13 phantoms
  17 snapping turtle zombies
  53 ogres
  2 black bears (shapeshifter)
  2 elephant zombies (Lair:5)
  40 eyes of draining
  16 boggarts
  An alligator simulacrum (Coc:5)
  2 human zombies
  A lindwurm skeleton (Crypt:2)
  3 swamp dragon zombies
  11 manticore zombies
  12 wolves
  2 black mamba simulacra
  25 centaurs
  A rime drake zombie (Crypt:1)
  922 small abominations
  5 swamp dragon skeletons
  9 manticore skeletons
  2 big kobolds (shapeshifter)
  10 snapping turtle skeletons
  5 big kobolds
  A blink frog skeleton (Crypt:2)
  19 crocodiles
  A crocodile (shapeshifter) (Abyss:1)
  2 elf zombies
  11 bullfrogs
  27 earth elementals
  3 elf skeletons
  2 glowing shapeshifter simulacra (Vaults:1)
  An ogre simulacrum (Vaults:1)
  A spiny frog simulacrum (Coc:7)
  A wyvern zombie (D:11)
  10 scorpions
  A scorpion (shapeshifter) (Abyss:3)
  A troll zombie (Swamp:3)
  A water moccasin skeleton (D:5)
  41 killer bees
  A manticore simulacrum (Abyss:2)
  A killer bee (shapeshifter) (Abyss:3)
  4 troll skeletons
  245 wights
  5 electric eels
  A vampire bat (Abyss:1)
  5 spriggan skeletons
  46 crimson imps
  6 centaur zombies
  A howler monkey (D:13)
  A basilisk zombie (Lair:5)
  130 quasits
  A bullfrog zombie (D:13)
  An elf simulacrum (Abyss:3)
  189 iron imps
  5 hounds
  27 jellies
  A soldier ant zombie (Crypt:2)
  19 orc priests
  28 orc wizards
  4 centaur skeletons
  6 iguanas
  Ijyb (D:4)
  2 hell rats (Lair:6)
  8 worker ants
  2 demigod zombies
  4 ogre zombies
  3 naga skeletons
  2 ogre skeletons
  2 hound zombies
  72 mummies
  Robin (D:4)
  10 gnolls
  8 adders
  7 river rats (Lair:6)
  58 shadow imps
  142 white imps
  137 ufetubi
  3 oozes
  A halfling zombie (Crypt:2)
  2 adder skeletons
  A halfling skeleton (Crypt:2)
  6 worms
  2 ball lightnings
  2 dart slugs
  91 orcs
  7 spectral bats (Abyss:3)
  2 ball pythons
  6 giant cockroaches
  10 goblins
  9 hobgoblins
  6 jackals
  20 kobolds
  6 quokkas
  12 bats
  4 bat simulacra (Abyss:3)
  8 frilled lizards
  A jackal zombie (D:7)
  A kobold simulacrum (Coc:1)
  2 kobold skeletons
  4 kobold zombies
  3 orc skeletons
  3 orc zombies
  3 rats
  A rat zombie (Crypt:2)
  A butterfly (Abyss:1)
  15 fire vortices
  41 lurking horrors
  2 plants (Depths:1)
  224 starspawn tentacles
  A withered plant (Swamp:3)
17404 creatures vanquished.

Vanquished Creatures (collateral kills)
  Dispater (Dis:7)
  Frederick (Vaults:2)
  A golden dragon (Zig:12)
  A Killer Klown (Zot:5)
  the Enchantress (Depths:1)
  A Brimstone Fiend (Geh:2)
  3 tentacled monstrosities
  A hellephant (Zig:6)
  6 Orb Guardians (Zot:5)
  A titan (Vaults:5)
  3 tentacled starspawn
  An Executioner (Pan)
  2 shadow dragons
  2 frost giants (Depths:1)
  A balrug (Pan)
  A warmonger (Pan)
  A deep elf sorcerer (Vaults:4)
  A black sun (Pan)
  3 very ugly things
  A stone giant (Depths:1)
  A black draconian (Zig:8)
  A red draconian (Depths:4)
  A yellow draconian (Zot:1)
  A green death (Zig:9)
  2 quicksilver dragon zombies (Abyss:3)
  2 ogre magi
  A fire dragon (Depths:3)
  A great orb of eyes (Abyss:1)
  4 hydras
  2 vault guards
  A rakshasa (Vaults:3)
  A ghost crab (Swamp:4)
  An ice dragon (Depths:1)
  A death knight (Vaults:2)
  A two-headed ogre (Vaults:3)
  4 thrashing horrors
  A tengu warrior (Depths:1)
  2 sun demons (Pan)
  A soul eater (Depths:1)
  A wretched star (Abyss:2)
  2 skeletal warriors (Hell)
  2 large abominations
  3 deep trolls
  2 swamp dragons (Swamp:4)
  An ironbrand convoker (Vaults:4)
  A glowing orange brain (shapeshifter) (Vaults:4)
  A tengu zombie (Vaults:3)
  An orc knight (Elf:1)
  2 necromancers
  A harpy (Vaults:2)
  An iron dragon skeleton (Tar:1)
  2 ugly things (Vaults:4)
  A guardian serpent (Lair:6)
  A rust devil (Dis:7)
  A black mamba (shapeshifter) (Vaults:4)
  2 orange demons (Pan)
  A spectral swamp worm (Depths:1)
  2 smoke demons (Abyss:3)
  An ice devil (Dis:2)
  A swamp worm zombie (Swamp:3)
  A yaktaur (Depths:1)
  A freezing wraith (Vaults:4)
  An efreet (Pan)
  A hellwing (Pan)
  2 ancient zymes (Abyss:1)
  A troll (D:14)
  A red devil (Pan)
  A tyrant leech (Swamp:4)
  A hornet (Vaults:3)
  3 raiju
  A hippogriff (Lair:3)
  4 slime creatures
  2 starcursed masses (Abyss:1)
  2 wraiths
  4 ynoxinuls
  2 fire elementals
  A yak (Lair:2)
  A neqoxec (Abyss:2)
  2 small abominations (Abyss:1)
  An insubstantial wisp (Swamp:1)
  3 spatial vortices
  A porcupine (Lair:2)
  A water moccasin (Lair:6)
  A hell hound (Dis:2)
  2 swamp drakes (Swamp:4)
  An orc warrior (Vaults:3)
  An ice beast (shapeshifter) (Abyss:3)
  An ogre (Vaults:3)
  2 centaurs (D:13)
  A wolf (Lair:2)
  A crocodile (Lair:4)
  A bullfrog (Lair:2)
  A spriggan zombie (Swamp:3)
  4 killer bees (Lair:2)
  3 quasits
  A human zombie (Abyss:1)
  An iron imp (Abyss:2)
  A jelly (Abyss:4)
  An orc wizard (D:14)
  A shadow imp (Abyss:2)
  3 white imps
  3 ufetubi
  An orc (D:15)
  A bush (Lair:2)
  A fungus (Lair:2)
  A starspawn tentacle (Abyss:1)
164 creatures vanquished.

Vanquished Creatures (others)
  15 eldritch tentacles
  A tentacled starspawn (Abyss:1)
  An elemental wellspring (Coc:7)
  A stone giant (Depths:5)
  2 bennus (Tomb:3)
  3 yaktaur captains
  A deep elf high priest (Vaults:5)
  A rakshasa (Abyss:2)
  2 dancing weapons
  An alligator (Swamp:3)
  10 hell hogs
  2 thrashing horrors
  A titan zombie (Abyss:3)
  A hell knight (Hell)
  2 sixfirhies (Abyss:1)
  A soul eater (Pan)
  A wretched star (Abyss:3)
  An unseen horror (Abyss:3)
  A storm dragon skeleton (Geh:7)
  3 deep elf archers
  A starcursed mass (Abyss:1)
  An orb spider (Abyss:3)
  A shadow dragon skeleton (Geh:1)
  A stone giant zombie (Geh:4)
  A frost giant zombie (Abyss:1)
  A cyclops (Vaults:1)
  A deep elf mage (Zig:15)
  A shock serpent zombie (Dis:7)
  8 large abominations
  An orange demon (Pan)
  A centaur skeleton (D:14)
  A storm dragon simulacrum (Tomb:2)
  3 hellions (Geh:7)
  A freezing wraith (Abyss:1)
  An ancient zyme (Abyss:1)
  19 yaktaurs
  A hydra zombie (Dis:7)
  A polar bear (D:12)
  A red devil (Abyss:2)
  An ice dragon zombie (Abyss:1)
  3 raiju
  A stone giant simulacrum (Abyss:3)
  A slime creature (Swamp:3)
  5 flying skulls
  A wraith (Geh:6)
  A vampire (Abyss:1)
  A redback (Spider:1)
  A water elemental (Zig:15)
  2 ynoxinuls
  4 fire bats
  19 golden eyes
  2 humans (Spider:2)
  2 chaos spawn
  A warg (Elf:3)
  A harpy simulacrum (Abyss:2)
  A floating eye (shapeshifter) (Abyss:2)
  A hell hound (Abyss:1)
  A hydra simulacrum (Abyss:3)
  A slave (D:8)
  A snapping turtle zombie (Tomb:2)
  A wolf (shapeshifter) (Abyss:3)
  An ogre (Vaults:3)
  A manticore skeleton (Geh:3)
  4 centaurs
  33 small abominations
  A spriggan zombie (Geh:2)
  6 wights
  A crimson imp (Abyss:3)
  An orc wizard (D:13)
  2 jellies
  4 iron imps
  An iguana (D:8)
  2 mummies
  An adder (D:8)
  A shadow imp (Abyss:3)
  3 white imps
  9 ufetubi
  2 orcs
  A kobold (Abyss:1)
  14 bushes
  16 demonic plants (Abyss:3)
  100 fire vortices
  20 fungi
  33 lurking horrors
  52 plants
  973 starspawn tentacles
  8 tentacles (Hell)
1439 creatures vanquished.

Grand Total: 19007 creatures vanquished

Notes
Turn   | Place    | Note
-------+----------+-------------------------------------------
     0 | D:1      | Draugr the Vampire Enchanter began the quest for the Orb.
     0 | D:1      | Reached XP level 1. HP: 13/13 MP: 3/3
   325 | D:1      | Reached skill level 5 in Stealth
   573 | D:1      | Reached XP level 2. HP: 12/19 MP: 3/5
   577 | D:1      | Learned a level 2 spell: Ensorcelled Hibernation
   818 | D:1      | Reached skill level 5 in Hexes
  1586 | D:2      | Reached XP level 3. HP: 21/24 MP: 1/6
  3861 | D:3      | Reached XP level 4. HP: 30/30 MP: 7/7
  3927 | D:3      | Noticed endorz's ghost (amateur MiFi)
  3981 | D:3      | Learned a level 3 spell: Confuse
  5368 | D:4      | Found a sparkling altar of Nemelex Xobeh.
  5906 | D:3      | Reached XP level 5. HP: 35/35 MP: 1/8
  6667 | D:4      | Noticed a centaur
  6675 | D:4      | Noticed Robin
  6716 | D:4      | Killed a centaur
  6716 | D:4      | Reached XP level 6. HP: 38/41 MP: 3/9
  7416 | D:5      | Entered Level 5 of the Dungeon
  7425 | D:5      | Noticed Ijyb
  7435 | D:4      | Killed Ijyb
  7514 | D:5      | Reached skill level 1 in Armour
  7514 | D:5      | Reached XP level 7. HP: 39/46 MP: 3/10
  7911 | D:4      | Killed Robin
  8119 | D:5      | Reached skill level 5 in Short Blades
  8470 | D:5      | Noticed a steam dragon
  8472 | D:5      | Noticed a steam dragon
  9235 | D:6      | Noticed ysobel's ghost (novice MfGl)
  9316 | D:6      | Killed a steam dragon
  9316 | D:6      | Reached XP level 8. HP: 52/52 MP: 4/11
  9456 | D:6      | Reached skill level 5 in Shields
 10852 | D:6      | Found Womie's Armour Shop.
 10875 | D:6      | Found a shadowy altar of Dithmenos.
 10875 | D:6      | Found a white marble altar of Elyvilon.
 10880 | D:6      | Found a hide-covered altar of Uskayaw.
 10882 | D:6      | Found a shattered altar of Ashenzari.
 10884 | D:6      | Found an opulent altar of Gozag.
 10913 | D:6      | Found a shimmering altar of Xom.
 10913 | D:6      | Found a shimmering altar of Xom.
 10922 | D:6      | Found a shimmering altar of Xom.
 10922 | D:6      | Found a shimmering altar of Xom.
 10922 | D:6      | Found a shimmering altar of Xom.
 10925 | D:6      | Found a shimmering altar of Xom.
 10937 | D:6      | Found a shimmering altar of Xom.
 10938 | D:6      | Found a shimmering altar of Xom.
 11142 | D:6      | Killed ysobel's ghost
 11142 | D:6      | Reached skill level 10 in Hexes
 11142 | D:6      | Reached XP level 9. HP: 47/57 MP: 3/12
 11411 | D:7      | Noticed Menkaure
 11748 | D:7      | Killed Menkaure
 11892 | D:7      | Found a staircase to the Ecumenical Temple.
 11908 | Temple   | Entered the Ecumenical Temple
 11973 | Temple   | Became a worshipper of Kikubaaqudgha
 12467 | D:7      | Got a pitted short sword
 12468 | D:7      | Identified the +5 short sword of Plog {pain, rPois Int+2} (You found it on level 7 of the Dungeon)
 12501 | D:7      | Reached skill level 1 in Necromancy
 12537 | D:7      | Found a sparkling altar of Nemelex Xobeh.
 12856 | D:8      | Noticed Pikel
 13562 | D:8      | Killed Pikel
 13562 | D:8      | Reached skill level 5 in Necromancy
 13562 | D:8      | Reached XP level 10. HP: 63/63 MP: 6/16
 13962 | D:8      | Reached * piety under Kikubaaqudgha
 13962 | D:8      | Identified Kikubaaqudgha's Tome of Necromancy (Kikubaaqudgha gifted it to you on level 8 of the Dungeon)
 13962 | D:8      | Received a gift from Kikubaaqudgha
 13967 | D:8      | Learned a level 1 spell: Pain
 14184 | D:9      | Noticed a two-headed ogre
 14188 | D:9      | Noticed a white ugly thing
 14484 | D:9      | Killed a two-headed ogre
 14484 | D:9      | Reached skill level 5 in Spellcasting
 15027 | D:9      | Killed a white ugly thing
 15241 | D:9      | Reached skill level 10 in Stealth
 15437 | D:9      | Noticed a two-headed ogre
 15929 | D:9      | You fall through a shaft for 3 floors!
 15936 | D:12     | Found a staircase to the Orcish Mines.
 16152 | D:11     | Noticed a cyclops
 16152 | D:11     | Noticed a two-headed ogre
 16221 | D:10     | Entered Level 10 of the Dungeon
 16297 | D:10     | Reached skill level 5 in Dodging
 16418 | D:10     | Reached skill level 1 in Fighting
 16513 | D:10     | Noticed Psyche
 16514 | D:10     | Noticed Josephine
 16800 | D:9      | Killed a two-headed ogre
 16800 | D:9      | Reached ** piety under Kikubaaqudgha
 16857 | D:10     | Killed Psyche
 16857 | D:10     | Reached XP level 11. HP: 77/77 MP: 12/18
 18042 | D:9      | Killed Josephine
 18042 | D:9      | Reached skill level 5 in Fighting
 18484 | D:10     | Noticed dundn's ghost (journeyman GrAE)
 18543 | D:10     | Killed dundn's ghost
 19407 | D:10     | Noticed Erica
 19413 | D:10     | Killed Erica
 19608 | D:9      | Noticed Gastronok
 19852 | D:9      | Found a staircase to the Lair.
 20020 | D:12     | Noticed a five-headed hydra
 20748 | D:11     | Noticed a two-headed ogre
 20897 | D:11     | Noticed a two-headed ogre
 20907 | D:11     | Killed a two-headed ogre
 21381 | D:11     | Noticed a two-headed ogre
 21397 | D:11     | Killed a two-headed ogre
 21564 | D:11     | Killed a five-headed hydra
 21660 | D:11     | Killed a two-headed ogre
 21660 | D:11     | Reached XP level 12. HP: 66/86 MP: 8/21
 22150 | Lair:1   | Entered Level 1 of the Lair of Beasts
 22207 | Lair:1   | Noticed a four-headed hydra
 22236 | Lair:1   | Killed a four-headed hydra
 22245 | Lair:1   | Learned a level 2 spell: Sublimation of Blood
 22245 | Lair:1   | Noticed a six-headed hydra
 22254 | Lair:1   | Killed a six-headed hydra
 22415 | Lair:1   | Reached *** piety under Kikubaaqudgha
 22415 | Lair:1   | Identified Kikubaaqudgha's Tome of Dark Rites (Kikubaaqudgha gifted it to you on level 1 of the Lair of Beasts)
 22415 | Lair:1   | Received a gift from Kikubaaqudgha
 22431 | Lair:1   | Learned a level 4 spell: Animate Dead
 22535 | Lair:1   | Noticed a seven-headed hydra
 22542 | Lair:1   | Killed a seven-headed hydra
 22595 | Lair:1   | Noticed an eight-headed hydra
 22603 | Lair:1   | Killed an eight-headed hydra
 22666 | Lair:1   | Noticed supermoro's ghost (journeyman MiFi)
 22718 | Lair:2   | Noticed a four-headed hydra
 22894 | Lair:2   | Killed a four-headed hydra
 22956 | Lair:2   | Reached skill level 10 in Short Blades
 23081 | Lair:2   | Reached skill level 1 in Evocations
 23164 | Lair:2   | Found a hole to the Spider Nest.
 23938 | Lair:2   | Reached **** piety under Kikubaaqudgha
 24338 | Lair:3   | Reached skill level 5 in Ice Magic
 24432 | Lair:3   | Noticed Snorg
 24461 | Lair:3   | Killed Snorg
 24628 | Lair:3   | Found a staircase to the Swamp.
 24666 | Lair:3   | Reached XP level 13. HP: 91/91 MP: 22/22
 25185 | Lair:3   | Noticed Fannar
 25230 | Lair:3   | Killed Fannar
 25647 | Lair:4   | Reached ***** piety under Kikubaaqudgha
 25725 | Lair:4   | Reached skill level 5 in Armour
 25975 | Lair:4   | Noticed Sonja
 26210 | Lair:4   | Killed Sonja
 26795 | Lair:4   | Noticed Harold
 26807 | Lair:4   | Killed Harold
 26807 | Lair:4   | Reached skill level 10 in Necromancy
 27639 | Lair:5   | Noticed Nessos
 27652 | Lair:5   | Killed Nessos
 28985 | Lair:6   | Entered Level 6 of the Lair of Beasts
 29002 | Lair:6   | Found a staircase to the Slime Pits.
 29003 | Lair:6   | Found a viscous altar of Jiyva.
 29164 | Lair:6   | Found a dark tunnel.
 29172 | Volcano  | Entered a volcano
 29448 | Volcano  | Reached skill level 15 in Stealth
 29457 | Volcano  | Reached XP level 14. HP: 75/98 MP: 17/26
 29615 | Volcano  | Learned a level 5 spell: Dispel Undead
 29735 | Volcano  | Identified a +0 pair of boots of running (You found it in a volcano)
 30547 | Lair:6   | HP: 5/100 [wolf spider (19)]
 32104 | Lair:1   | Reached ****** piety under Kikubaaqudgha
 32132 | Lair:1   | Killed supermoro's ghost
 32760 | Lair:1   | Learned a level 5 spell: Agony
 34039 | Orc:1    | Entered Level 1 of the Orcish Mines
 34705 | Orc:2    | Entered Level 2 of the Orcish Mines
 35055 | Orc:2    | Found Eveok's Jewellery Boutique.
 35459 | Orc:2    | Reached XP level 15. HP: 108/108 MP: 25/28
 35642 | Orc:2    | Found Zaris's Magic Scroll Shop.
 35648 | Orc:2    | Found Seareul's General Store.
 35663 | Orc:2    | Found Innin's Magic Scroll Shop.
 35668 | Orc:2    | Bought a scroll of identify for 20 gold pieces
 35675 | Orc:2    | Bought a scroll of identify for 32 gold pieces
 35675 | Orc:2    | Bought a scroll of identify for 32 gold pieces
 35678 | Orc:2    | Bought a scroll of identify for 32 gold pieces
 35706 | Orc:2    | Bought a scroll of acquirement for 572 gold pieces
 35716 | Orc:2    | Found the +2 shield of Resistance {rF+ rC+ MR+}
 35791 | Orc:2    | Noticed Maurice
 35791 | Orc:2    | Noticed Donald
 35795 | Orc:2    | Killed Maurice
 35797 | Orc:2    | Killed Donald
 35853 | Orc:2    | Found a staircase to the Elven Halls.
 36208 | D:13     | Reached skill level 10 in Spellcasting
 36763 | D:13     | Found a runed gate.
 36763 | D:13     | Found a runed gate.
 36763 | D:13     | Found a runed gate.
 36872 | D:13     | Noticed a sphinx
 37010 | D:13     | Noticed a tengu reaver
 37012 | D:13     | Noticed a tengu reaver
 37045 | D:13     | Killed a sphinx
 37050 | D:13     | Killed a tengu reaver
 37538 | D:14     | Found a glowing golden altar of the Shining One.
 38007 | D:13     | Found a gate to the Vaults.
 38337 | D:13     | Found a runed gate.
 38337 | D:13     | Found a runed gate.
 38337 | D:13     | Found a runed gate.
 38416 | D:13     | Killed a tengu reaver
 39304 | D:14     | Reached skill level 10 in Fighting
 39610 | D:14     | Noticed Azrael
 39622 | D:14     | Killed Azrael
 40076 | D:15     | Entered Level 15 of the Dungeon
 40581 | D:15     | Paralysed by an ogre mage for 7 turns
 40592 | D:15     | Reached XP level 16. HP: 121/129 MP: 30/30
 40853 | Lair:2   | Learned a level 4 spell: Cause Fear
 40860 | Lair:2   | Learned a level 5 spell: Bolt of Draining
 40940 | Swamp:1  | Entered Level 1 of the Swamp
 42438 | Swamp:2  | Noticed a thorn hunter
 42501 | Swamp:2  | Killed a thorn hunter
 42994 | Swamp:3  | Reached skill level 15 in Fighting
 43287 | Swamp:3  | Reached skill level 1 in Conjurations
 44534 | Spider:1 | Entered Level 1 of the Spider Nest
 44988 | Spider:1 | Noticed Louise
 45003 | Spider:1 | Killed Louise
 45192 | Spider:1 | Reached skill level 5 in Evocations
 45285 | Spider:1 | Noticed Rupert
 45496 | Spider:1 | Killed Rupert
 46952 | Spider:2 | Noticed Agnes
 46975 | Spider:1 | Killed Agnes
 47413 | Slime:1  | Entered Level 1 of the Pits of Slime
 47419 | Slime:1  | Noticed an acid blob
 47849 | Orc:2    | Bought a scroll of acquirement for 832 gold pieces
 47849 | Orc:2    | Bought a scroll of blinking for 120 gold pieces
 47851 | Orc:2    | Got a wavering bone ring
 47853 | Orc:2    | Identified the ring of Ebenogai {MR++ EV+3 Int+4} (You acquired it on level 2 of the Orcish Mines)
 47878 | Orc:2    | Bought a scroll of identify for 20 gold pieces
 47903 | Orc:2    | Bought a scroll of identify for 22 gold pieces
 47903 | Orc:2    | Bought a scroll of identify for 22 gold pieces
 48319 | D:15     | Noticed Roxanne
 48405 | D:15     | Found a staircase to the Depths.
 48501 | D:15     | Found an opulent altar of Gozag.
 48753 | D:15     | Reached XP level 17. HP: 142/142 MP: 31/31
 49446 | Spider:2 | Noticed Kirke
 49488 | Spider:1 | Killed Kirke
 50227 | Spider:2 | Reached skill level 5 in Conjurations
 51604 | Spider:3 | Noticed Arachne
 51639 | Spider:3 | Killed Arachne
 52313 | Spider:4 | Entered Level 4 of the Spider Nest
 54370 | Spider:4 | Got a gossamer rune of Zot
 54702 | Lair:2   | Received a gift from Kikubaaqudgha
 54920 | Elf:1    | Entered Level 1 of the Elven Halls
 55014 | Vaults:1 | Entered Level 1 of the Vaults
 55043 | Vaults:1 | Noticed Saint Roka
 55357 | Vaults:1 | Killed Saint Roka
 55357 | Vaults:1 | Reached skill level 10 in Dodging
 55357 | Vaults:1 | Reached XP level 18. HP: 149/149 MP: 23/32
 55620 | Vaults:1 | Found Useraip's Antique Weapon Shoppe.
 57408 | Vaults:1 | Found the +6 lightning scales {run, rElec}
 57655 | Vaults:1 | Reached skill level 15 in Hexes
 58832 | Vaults:2 | Noticed a tentacled monstrosity
 59078 | Depths:1 | Entered Level 1 of the Depths
 59145 | D:15     | Learned a level 4 spell: Sticky Flame
 59199 | D:15     | Reached skill level 1 in Fire Magic
 59926 | Depths:1 | Reached XP level 19. HP: 155/155 MP: 13/33
 60082 | Depths:1 | Reached skill level 5 in Fire Magic
 60103 | Depths:1 | Found a gateway to Hell.
 60411 | Depths:1 | Noticed Bai Suzhen
 61105 | Lair:2   | Learned a level 4 spell: Iskenderun's Mystic Blast
 63386 | Elf:1    | Found Rioceruq's Jewellery Shop.
 63396 | Elf:1    | Bought the ring of Aprareana {rElec rPois rF- rC+ Str+5} for 623 gold pieces
 64947 | Elf:1    | Identified the Handbook of Attacks
 65045 | Elf:1    | Found a roughly hewn altar of Beogh.
 66828 | Elf:2    | Found a huge runed gate.
 66828 | Elf:2    | Found a huge runed gate.
 66829 | Elf:2    | Found a huge runed gate.
 66830 | Elf:2    | Found a huge runed gate.
 66838 | Elf:2    | Found a huge runed gate.
 68535 | Elf:3    | Entered Level 3 of the Elven Halls
 68645 | Elf:3    | Found Tosoul's Antique Weapon Boutique.
 68719 | Elf:3    | Reached skill level 10 in Conjurations
 68920 | Elf:3    | Found a magical portal.
 68929 | WizLab   | Entered Wucad Mu's Monastery
 69244 | WizLab   | Found the +9 staff of Wucad Mu {channel}
 69649 | Elf:1    | Reached XP level 20. HP: 162/162 MP: 21/34
 71018 | Vaults:2 | Noticed Frederick
 75197 | Vaults:4 | Reached XP level 21. HP: 156/168 MP: 11/37
 75649 | Vaults:4 | Found a gateway to a bazaar.
 75650 | Vaults:4 | Found a bloodstained altar of Trog.
 75659 | Bazaar   | Entered a bazaar
 75659 | Bazaar   | Found Xoaptum's Assorted Antiques.
 75659 | Bazaar   | Found Lalugg's Antique Weapon Emporium.
 75660 | Bazaar   | Found Taetireng's Antique Armour Shoppe.
 75660 | Bazaar   | Found Toso's General Store.
 75697 | Bazaar   | Bought a shiny troll leather armour for 432 gold pieces
 75715 | Bazaar   | Bought a glowing helmet for 165 gold pieces
 75757 | Bazaar   | Bought a potion of magic for 192 gold pieces
 76278 | Vaults:4 | Reached skill level 10 in Fire Magic
 76847 | Vaults:4 | Noticed Sojobo
 77279 | Lair:2   | Learned a level 5 spell: Fireball
 77544 | Lair:2   | Got a silken robe
 77545 | Lair:2   | Identified the cursed +1 robe of the Monkey {rC+ rN+ Dex+6} (You found it on level 2 of the Lair of Beasts)
 77660 | D:9      | Killed Gastronok
 78022 | D:15     | Killed Roxanne
 78267 | D:15     | Reached skill level 10 in Evocations
 78585 | Depths:1 | Killed Bai Suzhen
 78693 | Depths:1 | Identified Sif Muna's Compendium of Unholy Rituals and the Volcanoes
 80930 | Depths:2 | Noticed the Enchantress
 81211 | Depths:1 | Found the +4 Vampire's Tooth {vamp}
 81376 | Depths:1 | Cast into level 3 of the Abyss (the Enchantress)
 81721 | Depths:1 | Escaped the Abyss
 81747 | Depths:1 | Killed the Enchantress
 81758 | Depths:1 | Got faerie dragon scales
 81781 | Depths:1 | Identified the +1 faerie dragon scales {MR++ rCorr SInv} (You took it off the Enchantress on level 1 of the Depths)
 83536 | Depths:2 | Noticed a golden dragon
 83683 | Depths:2 | Killed a golden dragon
 83683 | Depths:2 | Reached XP level 22. HP: 171/175 MP: 38/38
 83817 | Depths:2 | Gained mutation: You are somewhat resistant to further mutation. [a shining eye]
 84364 | Depths:2 | Found Niamm's Assorted Antiques.
 84365 | Depths:2 | Found Casymel's Distillery.
 84365 | Depths:2 | Found Eruog's Armour Shoppe.
 84368 | Depths:2 | Found Durgh's Magic Scroll Shoppe.
 84445 | Depths:2 | Bought 3 scrolls of teleportation for 180 gold pieces
 84445 | Depths:2 | Bought a scroll of enchant armour for 150 gold pieces
 84473 | Depths:2 | Bought a paperback book for 360 gold pieces
 85417 | Lair:2   | Learned a level 5 spell: Dispel Undead
 85432 | Lair:2   | Learned a level 6 spell: Iron Shot
 85672 | Depths:3 | Reached skill level 1 in Earth Magic
 85912 | Depths:3 | Found a one-way gate leading to the halls of Pandemonium.
 85968 | Depths:3 | Noticed Jorgrun
 86019 | Depths:3 | Killed Jorgrun
 86057 | Depths:3 | Reached skill level 5 in Earth Magic
 86698 | Depths:3 | Found a shadowy altar of Dithmenos.
 86710 | Depths:3 | Paralysed by a floating eye for 2 turns
 87315 | Depths:4 | Found a gateway to a ziggurat.
 87641 | Depths:4 | Paralysed by a floating eye for 2 turns
 88040 | Depths:4 | Found a one-way gate to the infinite horrors of the Abyss.
 88417 | Depths:4 | Noticed a caustic shrike
 89005 | Depths:4 | Killed a caustic shrike
 89181 | Depths:4 | Identified the Collected Works on Fiery Flight
 89199 | Depths:4 | Got an ichor-stained chain mail
 89200 | Depths:4 | Identified the +1 chain mail "Sogos" {rCorr Int+3 Stlth+} (You acquired it on level 4 of the Depths)
 89230 | Depths:4 | Found a runed door.
 89230 | Depths:4 | Found a runed door.
 89230 | Depths:4 | Noticed a juggernaut
 89234 | Depths:4 | Killed a juggernaut
 89435 | Depths:4 | Noticed a golden dragon
 89471 | Depths:4 | Killed a golden dragon
 89696 | Depths:5 | Entered Level 5 of the Depths
 89997 | Depths:5 | Reached XP level 23. HP: 174/181 MP: 24/39
 90070 | Depths:5 | Noticed a juggernaut
 90072 | Depths:5 | Found a gate to the Realm of Zot.
 90145 | Depths:5 | Noticed Margery
 92304 | Swamp:3  | Noticed Nikola
 92324 | Swamp:3  | Killed Nikola
 93864 | Swamp:4  | Entered Level 4 of the Swamp
 94998 | Swamp:4  | Got a decaying rune of Zot
 95968 | Lair:6   | Reached skill level 15 in Dodging
 97682 | Slime:3  | Reached skill level 10 in Earth Magic
 99601 | Slime:5  | Entered Level 5 of the Pits of Slime
100719 | Slime:5  | Reached XP level 24. HP: 188/188 MP: 39/39
100720 | Slime:5  | Gained mutation: You are weak. (Str -2) [a shining eye]
100890 | Slime:4  | Paralysed by a great orb of eyes for 4 turns
101069 | Slime:5  | Noticed the Royal Jelly
101365 | Slime:5  | Found a viscous altar of Jiyva.
101402 | Slime:3  | Lost mutation: You are weak. (Str -2) [potion of mutation]
101402 | Slime:3  | Lost mutation: You are somewhat resistant to further mutation. [potion of mutation]
101402 | Slime:3  | Gained mutation: You are agile. (Dex +2) [potion of mutation]
102024 | Vaults:5 | Entered Level 5 of the Vaults
103811 | Vaults:5 | Reached skill level 15 in Earth Magic
105642 | Elf:3    | Noticed DildoBatman's ghost (adept FoEn)
105647 | Elf:3    | Killed DildoBatman's ghost
108301 | Elf:3    | Got a polished long sword {slice}
108306 | Elf:3    | Identified the +1 long sword "Enone" {slice, rF++ Dex+4 Stlth+} (You took it off a deep elf knight on level 3 of the Elven Halls)
108410 | Elf:3    | Identified Jihustre's Volume of Supportive Aid
108416 | Elf:3    | Identified the Tome of the Venomous Rocks
108426 | Elf:3    | Learned a level 5 spell: Lee's Rapid Deconstruction
108517 | Elf:3    | Identified the Compendium of Supportive Stones
110270 | Slime:5  | Found the +8 lance "Wyrmbane" {slay drac, rPois rF+ rC+ AC+3}
110283 | Slime:5  | Got a crude leather armour
110284 | Slime:5  | Identified the cursed +0 leather armour "Mulih" {+Fly rF+ Int-5} (You found it on level 5 of the Pits of Slime)
110418 | Slime:5  | Got a faintly glowing great sword
110419 | Slime:5  | Identified the +6 great sword of the Ten Stories {slice, +Rage rElec rPois MP+9} (You found it on level 5 of the Pits of Slime)
112525 | Slime:5  | Got a slimy rune of Zot
113330 | Vaults:5 | Noticed Jory
113348 | Vaults:5 | Reached XP level 25. HP: 194/194 MP: 38/40
113354 | Vaults:5 | Killed Jory
114145 | Vaults:5 | Paralysed by a floating eye for 2 turns
114153 | Vaults:5 | Paralysed by a floating eye for 2 turns
114782 | Vaults:2 | Killed Frederick
115179 | Vaults:2 | Found a staircase to the Crypt.
115454 | Crypt:1  | Entered Level 1 of the Crypt
118255 | Crypt:1  | Identified Daypasom's Papyrus of Dark Rites
119797 | Crypt:3  | Entered Level 3 of the Crypt
120621 | Crypt:3  | Reached skill level 10 in Shields
120911 | Crypt:3  | Noticed an ancient lich
121009 | Crypt:3  | Killed an ancient lich
121826 | Crypt:3  | Reached XP level 26. HP: 201/201 MP: 31/41
122239 | Crypt:3  | Found an ancient bone altar of Kikubaaqudgha.
122285 | Crypt:3  | Got a warped dagger
122286 | Crypt:3  | Identified the +11 dagger of the Eternal Warrior {drain, +Blink} (You found it on level 3 of the Crypt)
122313 | Crypt:3  | Got a flickering garnet amulet
122314 | Crypt:3  | Identified the amulet of Ziozel {Regen+ Str+3} (You found it on level 3 of the Crypt)
122322 | Crypt:3  | Got a vibrating turquoise ring
122323 | Crypt:3  | Identified the ring of Deamy {*Contam rN+ Str+4 Dex+7} (You found it on level 3 of the Crypt)
122325 | Crypt:3  | Got a coiled steel ring
122326 | Crypt:3  | Identified the ring of Weahas {rElec rF- rN+ MR+ Int+5} (You found it on level 3 of the Crypt)
122570 | Crypt:3  | Found a staircase to the Tomb.
123250 | Tomb:1   | Entered Level 1 of the Tomb of the Ancients
124215 | Tomb:1   | Noticed a greater mummy
124896 | Tomb:1   | Killed a greater mummy
125092 | Tomb:1   | Noticed a greater mummy
125392 | Tomb:1   | Noticed a greater mummy
125409 | Tomb:1   | Killed a greater mummy
126004 | Tomb:1   | Killed a greater mummy
126821 | Tomb:1   | Noticed a greater mummy
127129 | Tomb:1   | Killed a greater mummy
127239 | Tomb:1   | Noticed a greater mummy
127245 | Tomb:1   | Killed a greater mummy
127245 | Tomb:1   | Reached skill level 15 in Necromancy
127314 | Tomb:1   | Noticed a greater mummy
127317 | Tomb:1   | Noticed a greater mummy
127322 | Tomb:1   | Killed a greater mummy
127784 | Tomb:1   | Killed a greater mummy
127937 | Tomb:1   | Noticed a greater mummy
127937 | Tomb:1   | Noticed a greater mummy
127949 | Tomb:1   | Noticed a greater mummy
128154 | Tomb:1   | Noticed a greater mummy
128403 | Tomb:1   | Killed a greater mummy
128455 | Tomb:1   | Killed a greater mummy
128540 | Tomb:1   | Noticed a greater mummy
128548 | Tomb:1   | Killed a greater mummy
128828 | Tomb:1   | Noticed a greater mummy
128836 | Tomb:1   | Killed a greater mummy
128931 | Tomb:1   | Killed a greater mummy
129060 | Tomb:1   | Noticed a greater mummy
129072 | Tomb:1   | Killed a greater mummy
129353 | Tomb:1   | Noticed a greater mummy
129358 | Tomb:1   | Noticed a greater mummy
129375 | Tomb:1   | Killed a greater mummy
129660 | Tomb:1   | Killed a greater mummy
129837 | Tomb:1   | Killed a greater mummy
129972 | Tomb:1   | Noticed a greater mummy
129977 | Tomb:1   | Noticed a greater mummy
129979 | Tomb:1   | Killed a greater mummy
130043 | Tomb:1   | Noticed a greater mummy
130057 | Tomb:1   | Killed a greater mummy
130527 | Tomb:1   | Killed a greater mummy
130677 | Tomb:1   | Noticed a greater mummy
131248 | Tomb:1   | Killed a greater mummy
131248 | Tomb:1   | Reached XP level 27. HP: 193/207 MP: 18/41
131400 | Tomb:1   | Noticed a greater mummy
131408 | Tomb:1   | Killed a greater mummy
132654 | Depths:4 | Killed a juggernaut
133047 | Depths:4 | Killed Margery
134384 | Zot:1    | Entered Level 1 of the Realm of Zot
134659 | Zot:1    | Lost mutation: You are agile. (Dex +2) [a Zot trap]
135469 | Zot:1    | Got an ancient cloak
135472 | Zot:1    | Identified the +1 cloak "Editz" {rElec rC+ MP-9 Str+2} (You acquired it on level 1 of the Realm of Zot)
135596 | Zot:2    | Found Yduogre's Changing Room.
136446 | Zot:2    | Noticed an orb of fire
136634 | Zot:2    | Killed an orb of fire
138687 | Zot:4    | Reached skill level 15 in Spellcasting
140460 | Zot:5    | Entered Level 5 of the Realm of Zot
141345 | Zot:5    | Noticed an orb of fire
141345 | Zot:5    | Noticed an ancient lich
141348 | Zot:5    | Noticed an ancient lich
141356 | Zot:5    | Noticed an ancient lich
141981 | Tomb:1   | Learned a level 9 spell: Shatter
142650 | Hell     | Entered the Vestibule of Hell
142650 | Hell     | Noticed Geryon
142655 | Hell     | Killed Geryon
144504 | Hell     | Found a gateway to the freezing wastes of Cocytus.
145120 | Hell     | Found a gateway to the Iron City of Dis.
145302 | Hell     | Found a gateway to the ashen valley of Gehenna.
145569 | Hell     | Found a gateway to the decaying netherworld of Tartarus.
145977 | Tar:1    | Entered Level 1 of Tartarus
146963 | Tar:1    | Reached skill level 15 in Short Blades
149614 | Coc:1    | Entered Level 1 of Cocytus
153652 | Elf:3    | Learned a level 2 spell: Passwall
154587 | Tar:2    | Reached skill level 5 in Transmutations
157083 | Depths:4 | Voluntarily entered the Abyss.
157208 | Depths:4 | Escaped the Abyss
157210 | Depths:4 | Voluntarily entered the Abyss.
157227 | Abyss:1  | Found a corrupted altar of Lugonu.
158253 | Abyss:1  | Found a corrupted altar of Lugonu.
158297 | Abyss:1  | Found a corrupted altar of Lugonu.
158450 | Depths:4 | Escaped the Abyss
158604 | Depths:4 | Voluntarily entered the Abyss.
158604 | Abyss:1  | Found a corrupted altar of Lugonu.
158990 | Abyss:1  | Gained mutation: You occasionally shout uncontrollably at your foes. [a neqoxec]
159017 | Abyss:1  | Lost mutation: You occasionally shout uncontrollably at your foes. [potion of mutation]
159017 | Abyss:1  | Gained mutation: You are clumsy. (Dex -2) [potion of mutation]
159017 | Abyss:1  | Gained mutation: You have a somewhat thin skeletal structure. (Dex +2, Stealth) [potion of mutation]
159177 | Abyss:1  | Found a corrupted altar of Lugonu.
159217 | Depths:4 | Escaped the Abyss
159369 | Depths:4 | Voluntarily entered the Abyss.
159370 | Abyss:1  | Found a corrupted altar of Lugonu.
160253 | Depths:4 | Escaped the Abyss
160665 | Tomb:1   | Learned a level 2 spell: Swiftness
160672 | Tomb:2   | Noticed a greater mummy
160672 | Tomb:2   | Noticed a greater mummy
160672 | Tomb:2   | Noticed a greater mummy
160672 | Tomb:2   | Reached skill level 1 in Charms
160673 | Tomb:2   | Noticed a greater mummy
160674 | Tomb:2   | Killed a greater mummy
160674 | Tomb:2   | Reached skill level 5 in Charms
160686 | Tomb:2   | Killed a greater mummy
160687 | Tomb:2   | Killed a greater mummy
160838 | Tomb:2   | Killed a greater mummy
162120 | Tomb:3   | Entered Level 3 of the Tomb of the Ancients
162351 | Tomb:3   | Noticed a greater mummy
162355 | Tomb:3   | Noticed Mennas
162357 | Tomb:3   | Noticed a greater mummy
162357 | Tomb:3   | Noticed a greater mummy
162416 | Tomb:2   | Killed Mennas
162719 | Tomb:3   | Noticed a greater mummy
162722 | Tomb:3   | Killed a greater mummy
162723 | Tomb:3   | Killed a greater mummy
162723 | Tomb:3   | Killed a greater mummy
162728 | Tomb:3   | Noticed a greater mummy
162735 | Tomb:3   | Noticed a greater mummy
163517 | Tomb:3   | Killed a greater mummy
163518 | Tomb:3   | Noticed a greater mummy
163521 | Tomb:3   | Killed a greater mummy
163523 | Tomb:3   | Noticed a greater mummy
163523 | Tomb:3   | Noticed a greater mummy
163531 | Tomb:3   | Killed a greater mummy
163532 | Tomb:3   | Killed a greater mummy
163533 | Tomb:3   | Killed a greater mummy
163534 | Tomb:3   | Killed a greater mummy
163814 | Tomb:3   | Got warped fire dragon scales
163816 | Tomb:3   | Identified the cursed +0 fire dragon scales of Fun {rF++ rC- MR+ Dex-5 SInv Stlth+} (You found it on level 3 of the Tomb of the Ancients)
163867 | Tomb:3   | Got a twisted robe
163868 | Tomb:3   | Identified the +0 robe of Sin {rC+ rN+ MR+} (You found it on level 3 of the Tomb of the Ancients)
163918 | Tomb:3   | Got an encrusted scimitar
163920 | Tomb:3   | Identified the +1 scimitar "Conservator" {freeze, Int+4 Dex+7} (You found it on level 3 of the Tomb of the Ancients)
164897 | Tomb:3   | Got a twitching garnet amulet
164899 | Tomb:3   | Identified the amulet of Ytsu Nic {Gourm rPois} (You found it on level 3 of the Tomb of the Ancients)
165029 | Tomb:3   | Got a golden rune of Zot
165543 | Depths:4 | Learned a level 4 spell: Airstrike
165550 | Depths:4 | Voluntarily entered the Abyss.
165746 | Abyss:1  | Reached skill level 1 in Air Magic
165826 | Abyss:1  | Noticed an ancient lich
166580 | Abyss:1  | Reached skill level 5 in Air Magic
166591 | Abyss:1  | Found an iron altar of Okawaru.
167201 | Abyss:1  | Found a corrupted altar of Lugonu.
167203 | Depths:4 | Escaped the Abyss
167276 | Depths:4 | Voluntarily entered the Abyss.
167292 | Depths:4 | Escaped the Abyss
167294 | Depths:4 | Voluntarily entered the Abyss.
168148 | Depths:4 | Escaped the Abyss
168208 | Depths:4 | Voluntarily entered the Abyss.
168214 | Abyss:1  | Killed an ancient lich
168595 | Abyss:1  | Found a bloodstained altar of Trog.
169451 | Depths:4 | Escaped the Abyss
169543 | Depths:4 | Voluntarily entered the Abyss.
170532 | Depths:4 | Escaped the Abyss
170539 | Depths:4 | Voluntarily entered the Abyss.
171416 | Depths:4 | Escaped the Abyss
171506 | Depths:4 | Voluntarily entered the Abyss.
172804 | Abyss:1  | Found a corrupted altar of Lugonu.
172976 | Abyss:1  | Found a corrupted altar of Lugonu.
173047 | Abyss:1  | Found a corrupted altar of Lugonu.
173074 | Abyss:1  | Gained mutation: You are dopey. (Int -2) [a neqoxec]
173536 | Abyss:1  | Noticed an ancient lich
173548 | Abyss:1  | Killed an ancient lich
173645 | Depths:4 | Escaped the Abyss
174023 | Lair:2   | Learned a level 6 spell: Darkness
174338 | Depths:4 | Voluntarily entered the Abyss.
174338 | Abyss:1  | Found a corrupted altar of Lugonu.
175658 | Abyss:1  | Gained mutation: You are frail. (-10% HP) [a neqoxec]
175661 | Abyss:1  | Lost mutation: You are frail. (-10% HP) [potion of mutation]
175661 | Abyss:1  | Lost mutation: You are clumsy. (Dex -2) [potion of mutation]
175661 | Abyss:1  | Lost mutation: You have a somewhat thin skeletal structure. (Dex +2, Stealth) [potion of mutation]
175661 | Abyss:1  | Gained mutation: You are partially covered in molten scales. (AC +2) [potion of mutation]
175661 | Abyss:1  | Gained mutation: Your skin changes colour to match your surroundings (Stealth+). [potion of mutation]
175661 | Abyss:1  | Gained mutation: Your skin blends seamlessly with your surroundings (Stealth++). [potion of mutation]
175661 | Abyss:1  | Gained mutation: You have sharp toenails. [potion of mutation]
175831 | Abyss:1  | Found a corrupted altar of Lugonu.
176062 | Abyss:1  | Found an ancient bone altar of Kikubaaqudgha.
176343 | Abyss:1  | Gained mutation: You evolve. [a neqoxec]
176436 | Depths:4 | Escaped the Abyss
176679 | Depths:4 | Voluntarily entered the Abyss.
177258 | Abyss:1  | Identified Sif Muna's Reference Book on Transformation and Weightlessness
177484 | Abyss:1  | Found a burning altar of Makhleb.
177499 | Depths:4 | Escaped the Abyss
177708 | Depths:4 | Voluntarily entered the Abyss.
177708 | Abyss:1  | Found a corrupted altar of Lugonu.
177806 | Abyss:1  | Found a corrupted altar of Lugonu.
178244 | Depths:4 | Escaped the Abyss
178326 | Depths:4 | Voluntarily entered the Abyss.
178505 | Depths:4 | Escaped the Abyss
178510 | Depths:4 | Voluntarily entered the Abyss.
178523 | Abyss:1  | Gained mutation: Your muscles are strong. (Str +2) [evolution]
178650 | Abyss:1  | Found a corrupted altar of Lugonu.
179055 | Depths:4 | Escaped the Abyss
179190 | Depths:4 | Voluntarily entered the Abyss.
179192 | Abyss:1  | Found a corrupted altar of Lugonu.
179193 | Abyss:1  | Found an ornate altar of the Wu Jian Council.
180683 | Depths:4 | Escaped the Abyss
180717 | Depths:4 | Voluntarily entered the Abyss.
181872 | Depths:4 | Escaped the Abyss
181908 | Depths:4 | Voluntarily entered the Abyss.
181908 | Abyss:1  | Found a corrupted altar of Lugonu.
182088 | Depths:4 | Escaped the Abyss
182109 | Depths:4 | Voluntarily entered the Abyss.
182918 | Depths:4 | Escaped the Abyss
182941 | Depths:4 | Voluntarily entered the Abyss.
183058 | Abyss:1  | Found an ornate altar of the Wu Jian Council.
183100 | Abyss:1  | Found an ornate altar of the Wu Jian Council.
184030 | Depths:4 | Escaped the Abyss
184159 | Depths:4 | Voluntarily entered the Abyss.
184159 | Abyss:1  | Found a corrupted altar of Lugonu.
184598 | Abyss:3  | Found a corrupted altar of Lugonu.
184660 | Abyss:3  | Found a corrupted altar of Lugonu.
184917 | Depths:4 | Escaped the Abyss
185000 | Depths:4 | Voluntarily entered the Abyss.
185043 | Abyss:1  | Found a hide-covered altar of Uskayaw.
185949 | Abyss:3  | Found a corrupted altar of Lugonu.
186318 | Abyss:3  | Found a corrupted altar of Lugonu.
187181 | Depths:4 | Escaped the Abyss
187267 | Depths:4 | Voluntarily entered the Abyss.
187950 | Abyss:1  | Found a basalt altar of Yredelemnul.
188316 | Abyss:1  | Found a basalt altar of Yredelemnul.
189615 | Depths:4 | Escaped the Abyss
189821 | Depths:4 | Voluntarily entered the Abyss.
189858 | Abyss:1  | Found a corrupted altar of Lugonu.
190068 | Abyss:1  | Got a brightly glowing broad axe
190069 | Abyss:1  | Identified the +9 broad axe "Rul Fab" {elec, Str+4 Dex+2} (You found it on level 1 of the Abyss)
190388 | Abyss:2  | Reached skill level 27 in Earth Magic
190799 | Abyss:2  | Found a corrupted altar of Lugonu.
190837 | Abyss:2  | Found a corrupted altar of Lugonu.
191238 | Abyss:2  | Got a slimy great sword
191239 | Abyss:2  | Identified the +6 great sword of Kefeg {flame, +Blink +Rage Int+4} (You found it on level 2 of the Abyss)
193045 | Abyss:3  | Found a sparkling altar of Nemelex Xobeh.
193061 | Abyss:3  | Found a sparkling altar of Nemelex Xobeh.
193288 | Abyss:3  | Found a sparkling altar of Nemelex Xobeh.
193697 | Abyss:3  | Found a corrupted altar of Lugonu.
194024 | Abyss:3  | Reached skill level 1 in Long Blades
194481 | Abyss:3  | Reached skill level 5 in Long Blades
194926 | Abyss:3  | Gained mutation: Your body sometimes deteriorates upon taking damage. [a neqoxec]
195209 | Abyss:3  | Lost mutation: Your body sometimes deteriorates upon taking damage. [potion of mutation]
195209 | Abyss:3  | Lost mutation: You are partially covered in molten scales. (AC +2) [potion of mutation]
195209 | Abyss:3  | Lost mutation: You are dopey. (Int -2) [potion of mutation]
195209 | Abyss:3  | Gained mutation: Your spells are easier to cast, but less powerful. [potion of mutation]
195209 | Abyss:3  | Gained mutation: You have sharp fingernails. [potion of mutation]
196401 | Abyss:3  | Reached skill level 10 in Long Blades
196705 | Abyss:3  | Found a deep blue altar of Sif Muna.
197573 | Abyss:3  | Got a pair of jewelled gloves
197574 | Abyss:3  | Identified the +3 pair of gloves of Dice, Bag, and Bottle {MR+ MP+9 Dex+4 Stlth+} (You found it on level 3 of the Abyss)
199414 | Abyss:3  | Found a corrupted altar of Lugonu.
199466 | Abyss:3  | Gained mutation: You are frail. (-10% HP) [a neqoxec]
199471 | Abyss:3  | Found a corrupted altar of Lugonu.
200407 | Abyss:3  | Lost mutation: Your muscles are strong. (Str +2) [potion of mutation]
200407 | Abyss:3  | Lost mutation: You have sharp fingernails. [potion of mutation]
200407 | Abyss:3  | Lost mutation: You are frail. (-10% HP) [potion of mutation]
200407 | Abyss:3  | Lost mutation: Your spells are a little easier to cast, but a little less powerful. [potion of mutation]
200407 | Abyss:3  | Gained mutation: You expend magic power (3 MP) to strengthen your wands. [potion of mutation]
200407 | Abyss:3  | Gained mutation: Your flesh is heat resistant. (rF+) [potion of mutation]
202644 | Abyss:3  | Gained mutation: You are occasionally teleported next to monsters. [a shining eye]
202652 | Abyss:3  | Paralysed by accursed screaming for 1 turns
203734 | Abyss:3  | Found a corrupted altar of Lugonu.
204755 | Abyss:3  | Found a corrupted altar of Lugonu.
206003 | Abyss:3  | Got an abyssal rune of Zot
206139 | Depths:4 | Escaped the Abyss
206553 | Lair:2   | Learned a level 4 spell: Passage of Golubria
207028 | Depths:4 | Voluntarily entered the Abyss.
207037 | Abyss:1  | Reached skill level 1 in Translocations
207341 | Depths:4 | Escaped the Abyss
207590 | Depths:4 | Voluntarily entered the Abyss.
207614 | Abyss:1  | Reached skill level 5 in Translocations
207660 | Abyss:1  | Gained mutation: You are frail. (-10% HP) [a shining eye]
207732 | Depths:4 | Escaped the Abyss
207827 | Depths:4 | Voluntarily entered the Abyss.
207857 | Depths:4 | Escaped the Abyss
207946 | Depths:4 | Voluntarily entered the Abyss.
208023 | Abyss:1  | Gained mutation: Your magical capacity is low. (-10% MP) [a neqoxec]
208026 | Depths:4 | Escaped the Abyss
208027 | Depths:4 | Lost mutation: You are frail. (-10% HP) [potion of mutation]
208027 | Depths:4 | Lost mutation: You evolve. [potion of mutation]
208027 | Depths:4 | Lost mutation: You expend magic power (3 MP) to strengthen your wands. [potion of mutation]
208027 | Depths:4 | Lost mutation: You have sharp toenails. [potion of mutation]
208027 | Depths:4 | Gained mutation: You are surrounded by a mild repulsion field. (EV +2) [potion of mutation]
208027 | Depths:4 | Gained mutation: You are partially covered in large bone plates. (SH +4) [potion of mutation]
208083 | Depths:4 | Voluntarily entered the Abyss.
208087 | Abyss:1  | Noticed an ancient lich
208098 | Abyss:1  | Killed an ancient lich
208483 | Abyss:1  | Found a glowing golden altar of the Shining One.
208483 | Abyss:1  | Found an ancient bone altar of Kikubaaqudgha.
208483 | Abyss:1  | Found a stormy altar of Qazlal.
208483 | Abyss:1  | Found a shadowy altar of Dithmenos.
208483 | Abyss:1  | Found a hazy altar of Hepliaklqana.
208483 | Abyss:1  | Found an iron altar of Okawaru.
208483 | Abyss:1  | Found a radiant altar of Vehumet.
208483 | Abyss:1  | Found a burning altar of Makhleb.
208483 | Abyss:1  | Found a bloodstained altar of Trog.
208483 | Abyss:1  | Found a white marble altar of Elyvilon.
208485 | Abyss:1  | Found a basalt altar of Yredelemnul.
208488 | Abyss:1  | Found a blossoming altar of Fedhas.
208488 | Abyss:1  | Found an opulent altar of Gozag.
208488 | Abyss:1  | Found a glowing silver altar of Zin.
208491 | Abyss:1  | Found a deep blue altar of Sif Muna.
208491 | Abyss:1  | Found a snail-covered altar of Cheibriados.
208491 | Abyss:1  | Found a shattered altar of Ashenzari.
208491 | Abyss:1  | Found a hide-covered altar of Uskayaw.
208493 | Abyss:1  | Found a hide-covered altar of Uskayaw.
208493 | Abyss:1  | Found a shimmering altar of Xom.
208493 | Abyss:1  | Found an ornate altar of the Wu Jian Council.
208971 | Abyss:1  | Gained mutation: Your spells are a little easier to cast, but a little less powerful. [a neqoxec]
209020 | Depths:4 | Escaped the Abyss
209021 | Depths:4 | Lost mutation: You are occasionally teleported next to monsters. [potion of mutation]
209021 | Depths:4 | Lost mutation: Your magical capacity is low. (-10% MP) [potion of mutation]
209021 | Depths:4 | Lost mutation: Your flesh is heat resistant. (rF+) [potion of mutation]
209021 | Depths:4 | Gained mutation: You are resistant to hostile enchantments. (MR+) [potion of mutation]
212017 | Zig:1    | Entered Level 1 of a ziggurat
212033 | Zig:2    | Entered Level 2 of a ziggurat
212060 | Zig:3    | Entered Level 3 of a ziggurat
212126 | Zig:4    | Entered Level 4 of a ziggurat
212187 | Zig:4    | Identified the Disquisition on the Displaced Rocks
212259 | Zig:4    | Got a faintly glowing ivory amulet
212260 | Zig:4    | Identified the amulet of Attitude {Spirit rC+ Int+3} (You found it on level 4 of a ziggurat)
212282 | Zig:5    | Entered Level 5 of a ziggurat
212290 | Zig:5    | Gained mutation: Your body sometimes deteriorates upon taking damage. [a neqoxec]
212301 | Zig:5    | Lost mutation: Your body sometimes deteriorates upon taking damage. [potion of mutation]
212301 | Zig:5    | Lost mutation: You are partially covered in large bone plates. (SH +4) [potion of mutation]
212301 | Zig:5    | Lost mutation: You are resistant to hostile enchantments. (MR+) [potion of mutation]
212301 | Zig:5    | Gained mutation: You are surrounded by a moderate repulsion field. (EV +3) [potion of mutation]
212301 | Zig:5    | Lost mutation: Your spells are a little easier to cast, but a little less powerful. [potion of mutation]
212440 | Zig:6    | Entered Level 6 of a ziggurat
212609 | Zig:6    | Got a pair of faintly glowing boots
212610 | Zig:6    | Identified the +1 pair of boots "Cetseyb" {rPois} (You found it on level 6 of a ziggurat)
212616 | Zig:6    | Got a warped iron ring
212618 | Zig:6    | Identified the ring "Zunt" {Fire Stlth+} (You found it on level 6 of a ziggurat)
212627 | Zig:6    | Got an opalescent robe
212628 | Zig:6    | Identified the +2 robe of Pragmatism {rC+ Int+4} (You found it on level 6 of a ziggurat)
212649 | Zig:7    | Entered Level 7 of a ziggurat
212831 | Zig:8    | Entered Level 8 of a ziggurat
212871 | Zig:8    | Got a brightly glowing helmet
212872 | Zig:8    | Identified the +2 helmet of Xeciapt {rElec rCorr} (You found it on level 8 of a ziggurat)
212954 | Zig:9    | Entered Level 9 of a ziggurat
213484 | Depths:4 | Voluntarily entered the Abyss.
214122 | Depths:4 | Escaped the Abyss
214134 | Depths:4 | Voluntarily entered the Abyss.
214366 | Depths:4 | Escaped the Abyss
214398 | Depths:4 | Voluntarily entered the Abyss.
214522 | Abyss:1  | Noticed an ancient lich
214553 | Abyss:1  | Killed an ancient lich
214588 | Depths:4 | Escaped the Abyss
214698 | Depths:4 | Voluntarily entered the Abyss.
214962 | Abyss:1  | Gained mutation: You expend magic power (3 MP) to strengthen your wands. [a neqoxec]
215013 | Depths:4 | Escaped the Abyss
215091 | Depths:4 | Voluntarily entered the Abyss.
215267 | Abyss:1  | Reached skill level 10 in Translocations
215606 | Abyss:1  | Found a corrupted altar of Lugonu.
215730 | Abyss:1  | Found a corrupted altar of Lugonu.
217159 | Abyss:1  | Found a corrupted altar of Lugonu.
217889 | Abyss:2  | Found a radiant altar of Vehumet.
218489 | Abyss:2  | Found a shadowy altar of Dithmenos.
218677 | Depths:4 | Escaped the Abyss
219582 | Depths:4 | Voluntarily entered the Abyss.
220558 | Abyss:1  | Found an opulent altar of Gozag.
220641 | Abyss:2  | Found a corrupted altar of Lugonu.
220641 | Abyss:2  | Found a shimmering altar of Xom.
220647 | Abyss:2  | Found a shimmering altar of Xom.
220647 | Abyss:2  | Found a shimmering altar of Xom.
220647 | Abyss:2  | Found a shimmering altar of Xom.
220648 | Abyss:2  | Found a shimmering altar of Xom.
220649 | Abyss:2  | Found a corrupted altar of Lugonu.
220649 | Abyss:2  | Found a shimmering altar of Xom.
220650 | Abyss:2  | Found a shimmering altar of Xom.
220651 | Abyss:2  | Found a shimmering altar of Xom.
220651 | Abyss:2  | Found a shimmering altar of Xom.
220651 | Abyss:2  | Found a shimmering altar of Xom.
220651 | Abyss:2  | Found a shimmering altar of Xom.
220651 | Abyss:2  | Found a shimmering altar of Xom.
220651 | Abyss:2  | Found a shimmering altar of Xom.
220684 | Abyss:2  | Found a shimmering altar of Xom.
221063 | Depths:4 | Escaped the Abyss
221149 | Depths:4 | Voluntarily entered the Abyss.
221149 | Abyss:1  | Found a corrupted altar of Lugonu.
221366 | Abyss:1  | Reached skill level 15 in Translocations
221707 | Depths:4 | Escaped the Abyss
221783 | Depths:4 | Learned a level 8 spell: Controlled Blink
221798 | Depths:4 | Voluntarily entered the Abyss.
221802 | Abyss:1  | Found a corrupted altar of Lugonu.
221963 | Depths:4 | Escaped the Abyss
222094 | Depths:4 | Voluntarily entered the Abyss.
222308 | Abyss:1  | Got a twisted cloak
222309 | Abyss:1  | Identified the cursed +0 cloak "Zysa" {rF+} (You found it on level 1 of the Abyss)
222313 | Abyss:1  | Got an ichor-stained plate armour
222314 | Abyss:1  | Identified the +1 plate armour of Gema {*Drain rF+ Regen+} (You found it on level 1 of the Abyss)
222707 | Abyss:2  | Found a corrupted altar of Lugonu.
223025 | Abyss:2  | Found a corrupted altar of Lugonu.
223785 | Depths:4 | Escaped the Abyss
223987 | Depths:4 | Voluntarily entered the Abyss.
223990 | Abyss:1  | Noticed an ancient lich
223997 | Abyss:1  | Killed an ancient lich
224046 | Depths:4 | Escaped the Abyss
224100 | Depths:4 | Voluntarily entered the Abyss.
224808 | Abyss:1  | Identified the Almanac of the Entourage and Bewitchment
225129 | Depths:4 | Escaped the Abyss
225201 | Depths:4 | Voluntarily entered the Abyss.
225201 | Abyss:1  | Found a corrupted altar of Lugonu.
225998 | Depths:4 | Escaped the Abyss
226107 | Depths:4 | Voluntarily entered the Abyss.
226994 | Depths:4 | Escaped the Abyss
227121 | Depths:4 | Voluntarily entered the Abyss.
227368 | Abyss:1  | Gained mutation: You are clumsy. (Dex -2) [a neqoxec]
227596 | Abyss:1  | Gained mutation: You are frail. (-10% HP) [a neqoxec]
227598 | Abyss:1  | Lost mutation: You expend magic power (3 MP) to strengthen your wands. [potion of mutation]
227598 | Abyss:1  | Lost mutation: You are clumsy. (Dex -2) [potion of mutation]
227598 | Abyss:1  | Lost mutation: You are frail. (-10% HP) [potion of mutation]
227598 | Abyss:1  | Gained mutation: Your system is resistant to poisons. (rPois) [potion of mutation]
227598 | Abyss:1  | Gained mutation: Potions are less effective at restoring your health. [potion of mutation]
227598 | Abyss:1  | Gained mutation: You evolve. [potion of mutation]
227766 | Abyss:2  | Lost mutation: You evolve. [end of evolution]
229285 | Abyss:2  | Noticed an ancient lich
229293 | Abyss:2  | Killed an ancient lich
229758 | Depths:4 | Escaped the Abyss
229913 | Depths:4 | Voluntarily entered the Abyss.
230371 | Depths:4 | Escaped the Abyss
230502 | Depths:4 | Voluntarily entered the Abyss.
230502 | Abyss:1  | Found a corrupted altar of Lugonu.
231081 | Abyss:2  | Found a shimmering altar of Xom.
231081 | Abyss:2  | Found a shimmering altar of Xom.
231081 | Abyss:2  | Found a shimmering altar of Xom.
231081 | Abyss:2  | Found a shimmering altar of Xom.
231081 | Abyss:2  | Found a shimmering altar of Xom.
231081 | Abyss:2  | Found a corrupted altar of Lugonu.
231081 | Abyss:2  | Found a shimmering altar of Xom.
231081 | Abyss:2  | Found a shimmering altar of Xom.
231081 | Abyss:2  | Found a shimmering altar of Xom.
231081 | Abyss:2  | Found a shimmering altar of Xom.
231081 | Abyss:2  | Found a shimmering altar of Xom.
231081 | Abyss:2  | Found a shimmering altar of Xom.
231081 | Abyss:2  | Found a shimmering altar of Xom.
231082 | Abyss:2  | Found an ancient bone altar of Kikubaaqudgha.
231130 | Abyss:2  | Found a shimmering altar of Xom.
231152 | Abyss:2  | Found a shimmering altar of Xom.
231215 | Abyss:2  | Found a shimmering altar of Xom.
231216 | Abyss:2  | Found a shimmering altar of Xom.
231216 | Abyss:2  | Found a shimmering altar of Xom.
231218 | Abyss:2  | Found an ancient bone altar of Kikubaaqudgha.
231294 | Depths:4 | Escaped the Abyss
231296 | Depths:4 | Voluntarily entered the Abyss.
231328 | Abyss:1  | Found a corrupted altar of Lugonu.
231779 | Depths:4 | Escaped the Abyss
231917 | Depths:4 | Voluntarily entered the Abyss.
233632 | Abyss:2  | Gained mutation: You are frail. (-10% HP) [a neqoxec]
234083 | Depths:4 | Escaped the Abyss
234155 | Depths:4 | Voluntarily entered the Abyss.
234157 | Abyss:1  | Found a corrupted altar of Lugonu.
234587 | Abyss:1  | Found a corrupted altar of Lugonu.
235294 | Abyss:1  | Paralysed by accursed screaming for 1 turns
235425 | Abyss:1  | Found a burning altar of Makhleb.
236035 | Abyss:1  | Found a corrupted altar of Lugonu.
236350 | Depths:4 | Escaped the Abyss
236499 | Depths:4 | Voluntarily entered the Abyss.
237651 | Abyss:1  | Found a stormy altar of Qazlal.
238110 | Depths:4 | Escaped the Abyss
238112 | Depths:4 | Voluntarily entered the Abyss.
238112 | Abyss:1  | Found a corrupted altar of Lugonu.
238762 | Abyss:1  | Reached skill level 15 in Conjurations
238768 | Depths:4 | Escaped the Abyss
239015 | Depths:4 | Voluntarily entered the Abyss.
239465 | Abyss:1  | Noticed an ancient lich
239469 | Abyss:1  | Killed an ancient lich
240396 | Depths:4 | Escaped the Abyss
240456 | Depths:4 | Voluntarily entered the Abyss.
240456 | Abyss:1  | Found a corrupted altar of Lugonu.
240482 | Abyss:1  | Found a corrupted altar of Lugonu.
240758 | Abyss:1  | Found a corrupted altar of Lugonu.
240829 | Abyss:1  | Found a corrupted altar of Lugonu.
241030 | Depths:4 | Escaped the Abyss
241032 | Depths:4 | Voluntarily entered the Abyss.
241431 | Abyss:1  | Found a corrupted altar of Lugonu.
241515 | Abyss:1  | Found a corrupted altar of Lugonu.
241587 | Abyss:1  | Found a corrupted altar of Lugonu.
241602 | Depths:4 | Escaped the Abyss
242714 | Tar:4    | Reached skill level 15 in Shields
245052 | Tar:7    | Entered Level 7 of Tartarus
251471 | Tar:7    | Noticed an ancient lich
251986 | Hell     | Lost mutation: You are frail. (-10% HP) [potion of mutation]
251986 | Hell     | Lost mutation: You are surrounded by a moderate repulsion field. (EV +3) [potion of mutation]
251986 | Hell     | Lost mutation: Potions are less effective at restoring your health. [potion of mutation]
251986 | Hell     | Lost mutation: You are surrounded by a mild repulsion field. (EV +2) [potion of mutation]
251986 | Hell     | Gained mutation: Your mind is acute. (Int +2) [potion of mutation]
251986 | Hell     | Gained mutation: You expend magic power (3 MP) to strengthen your wands. [potion of mutation]
251986 | Hell     | Gained mutation: Your mind is very acute. (Int +4) [potion of mutation]
254284 | Tar:7    | Noticed Ereshkigal
254332 | Tar:7    | Killed Ereshkigal
254948 | Tar:7    | Got a faintly glowing leather armour
254949 | Tar:7    | Identified the +3 leather armour "Keivet" {Dex+4} (You found it on level 7 of Tartarus)
255220 | Tar:7    | Killed an ancient lich
255927 | Tar:7    | Got a bone rune of Zot
256098 | Tar:7    | Gained mutation: Your body sometimes deteriorates upon taking damage. [mutagenic glow]
257964 | Coc:2    | Lost mutation: You expend magic power (3 MP) to strengthen your wands. [potion of mutation]
257964 | Coc:2    | Lost mutation: Your mind is very acute. (Int +4) [potion of mutation]
257964 | Coc:2    | Lost mutation: Your body sometimes deteriorates upon taking damage. [potion of mutation]
257964 | Coc:2    | Gained mutation: You are robust. (+10% HP) [potion of mutation]
257964 | Coc:2    | Gained mutation: You are somewhat resistant to further mutation. [potion of mutation]
259062 | Coc:7    | Entered Level 7 of Cocytus
260743 | Coc:7    | Lost mutation: Your mind is acute. (Int +2) [mutagenic glow]
261929 | Coc:7    | Noticed Antaeus
261975 | Coc:7    | Killed Antaeus
262703 | Coc:7    | Identified the Disquisition on the Birds and Unholy Arts
262711 | Coc:7    | Got an icy rune of Zot
262834 | Coc:7    | Got a glittering amber ring
262845 | Hell     | Identified the ring "Zeuqud" {Wiz rPois MR+} (You took it off Antaeus on level 7 of Cocytus)
263169 | Orc:2    | Bought a scroll of brand weapon for 320 gold pieces
263486 | Depths:4 | Voluntarily entered the Abyss.
263486 | Abyss:1  | Found a corrupted altar of Lugonu.
263542 | Abyss:1  | Noticed an ancient lich
263551 | Abyss:1  | Killed an ancient lich
265027 | Depths:4 | Escaped the Abyss
265220 | Depths:4 | Voluntarily entered the Abyss.
265586 | Abyss:1  | Paralysed by accursed screaming for 1 turns
265892 | Abyss:1  | Reached skill level 15 in Long Blades
265950 | Depths:4 | Escaped the Abyss
266095 | Depths:4 | Voluntarily entered the Abyss.
267290 | Depths:4 | Escaped the Abyss
267427 | Depths:4 | Voluntarily entered the Abyss.
267836 | Depths:4 | Escaped the Abyss
267938 | Depths:4 | Voluntarily entered the Abyss.
268344 | Abyss:1  | Found a viscous altar of Jiyva.
268722 | Depths:4 | Escaped the Abyss
268729 | Depths:4 | Got a pitted crystal plate armour
268730 | Depths:4 | Identified the +12 crystal plate armour of Indomitability {MR++ rCorr} (You acquired it on level 4 of the Depths)
268761 | Depths:4 | Voluntarily entered the Abyss.
269464 | Abyss:1  | Paralysed by you for 6 turns
270274 | Abyss:1  | Found a corrupted altar of Lugonu.
270875 | Depths:4 | Escaped the Abyss
271022 | Depths:4 | Voluntarily entered the Abyss.
271352 | Abyss:1  | Noticed an ancient lich
271357 | Abyss:1  | Killed an ancient lich
271861 | Abyss:2  | Got a bloodstained short sword
271916 | Abyss:2  | Identified the +8 short sword "Quuho" {pain, rElec rPois Int+9 Stlth-} (You found it on level 2 of the Abyss)
272642 | Depths:4 | Escaped the Abyss
272731 | Depths:4 | Identified Draugr's Handbook of Creative Enchantment (You acquired it on level 4 of the Depths)
272778 | Depths:4 | Voluntarily entered the Abyss.
272954 | Abyss:2  | Found a corrupted altar of Lugonu.
273066 | Abyss:2  | Found a hide-covered altar of Uskayaw.
273101 | Abyss:2  | Found a corrupted altar of Lugonu.
273369 | Depths:4 | Escaped the Abyss
273577 | Depths:4 | Voluntarily entered the Abyss.
273798 | Depths:4 | Escaped the Abyss
273833 | Depths:4 | Voluntarily entered the Abyss.
274462 | Depths:4 | Escaped the Abyss
274602 | Depths:4 | Voluntarily entered the Abyss.
275086 | Abyss:1  | Found a corrupted altar of Lugonu.
275377 | Abyss:1  | Found a corrupted altar of Lugonu.
275684 | Abyss:2  | Reached skill level 10 in Armour
276140 | Abyss:3  | Paralysed by accursed screaming for 1 turns
276154 | Depths:4 | Escaped the Abyss
276288 | Depths:4 | Voluntarily entered the Abyss.
276291 | Abyss:1  | Found a bloodstained altar of Trog.
276346 | Abyss:1  | Found an opulent altar of Gozag.
276766 | Depths:4 | Escaped the Abyss
276880 | Depths:4 | Voluntarily entered the Abyss.
276981 | Abyss:2  | Found a corrupted altar of Lugonu.
277053 | Abyss:2  | Got a smoking helmet
277054 | Abyss:2  | Identified the +2 helmet of the Empire {SInv} (You found it on level 2 of the Abyss)
277281 | Abyss:3  | Found a corrupted altar of Lugonu.
277393 | Abyss:3  | Found a corrupted altar of Lugonu.
279368 | Depths:4 | Escaped the Abyss
279700 | Depths:4 | Voluntarily entered the Abyss.
279735 | Depths:4 | Escaped the Abyss
279861 | Depths:4 | Voluntarily entered the Abyss.
280172 | Depths:4 | Escaped the Abyss
280367 | Depths:4 | Voluntarily entered the Abyss.
280367 | Abyss:1  | Found a hazy altar of Hepliaklqana.
280370 | Abyss:1  | Found a corrupted altar of Lugonu.
280442 | Abyss:1  | Reached skill level 15 in Armour
281863 | Depths:4 | Escaped the Abyss
282022 | Depths:4 | Voluntarily entered the Abyss.
282402 | Depths:4 | Escaped the Abyss
282430 | Depths:4 | Voluntarily entered the Abyss.
282650 | Abyss:1  | Found an ancient bone altar of Kikubaaqudgha.
283195 | Depths:4 | Escaped the Abyss
283350 | Depths:4 | Voluntarily entered the Abyss.
283580 | Abyss:1  | Found a hazy altar of Hepliaklqana.
283763 | Depths:4 | Escaped the Abyss
283881 | Depths:4 | Voluntarily entered the Abyss.
283887 | Abyss:1  | Found a corrupted altar of Lugonu.
284225 | Depths:4 | Escaped the Abyss
284333 | Depths:4 | Voluntarily entered the Abyss.
284416 | Abyss:2  | Found a corrupted altar of Lugonu.
284619 | Abyss:2  | Got a clouded bronze amulet
285919 | Abyss:3  | Found a basalt altar of Yredelemnul.
285931 | Depths:4 | Escaped the Abyss
286144 | Depths:4 | Identified the amulet of the Magpie {Inacc rF- rC+ Str+7 Dex+7} (You found it on level 2 of the Abyss)
286486 | Lair:2   | Learned a level 7 spell: Orb of Destruction
286778 | Depths:4 | Voluntarily entered the Abyss.
286864 | Abyss:1  | Found a corrupted altar of Lugonu.
287377 | Abyss:1  | Paralysed by accursed screaming for 1 turns
287406 | Depths:4 | Escaped the Abyss
287565 | Depths:4 | Voluntarily entered the Abyss.
287922 | Abyss:3  | Found a corrupted altar of Lugonu.
288087 | Abyss:3  | Gained mutation: Armour fits poorly on your strangely shaped body. [a neqoxec]
288108 | Abyss:3  | Lost mutation: You are robust. (+10% HP) [potion of mutation]
288108 | Abyss:3  | Lost mutation: Armour fits poorly on your strangely shaped body. [potion of mutation]
288108 | Abyss:3  | Gained mutation: You are agile. (Dex +2) [potion of mutation]
288682 | Depths:4 | Escaped the Abyss
288857 | Depths:4 | Voluntarily entered the Abyss.
288874 | Abyss:1  | Found a corrupted altar of Lugonu.
290392 | Abyss:2  | Noticed an ancient lich
290398 | Abyss:2  | Killed an ancient lich
291051 | Depths:4 | Escaped the Abyss
291673 | Depths:4 | Voluntarily entered the Abyss.
291863 | Depths:4 | Escaped the Abyss
291935 | Depths:4 | Voluntarily entered the Abyss.
291954 | Abyss:1  | Noticed an ancient lich
291980 | Abyss:1  | Killed an ancient lich
292105 | Abyss:1  | Paralysed by accursed screaming for 1 turns
292314 | Depths:4 | Escaped the Abyss
292375 | Depths:4 | Voluntarily entered the Abyss.
292375 | Abyss:1  | Found a corrupted altar of Lugonu.
292456 | Abyss:1  | Noticed an ancient lich
292464 | Abyss:1  | Killed an ancient lich
292519 | Depths:4 | Escaped the Abyss
292639 | Depths:4 | Voluntarily entered the Abyss.
293204 | Abyss:2  | Got a smelly leather armour
293205 | Abyss:2  | Identified the cursed +0 leather armour of the Pink Corner {rN+++ MR+++ Str-4 Dex-2} (You found it on level 2 of the Abyss)
293210 | Depths:4 | Escaped the Abyss
293223 | Depths:4 | Voluntarily entered the Abyss.
293734 | Abyss:2  | Found a shattered altar of Ashenzari.
293766 | Abyss:2  | Found a shattered altar of Ashenzari.
294005 | Abyss:2  | Found a corrupted altar of Lugonu.
294069 | Depths:4 | Escaped the Abyss
294071 | Depths:4 | Voluntarily entered the Abyss.
294131 | Abyss:1  | Got a jewelled buckler
294132 | Abyss:1  | Identified the +1 buckler of Teaguhel {rC+ Regen+} (You found it on level 1 of the Abyss)
296979 | Abyss:3  | Identified the Guide on Bewitchment and the Compass
298134 | Depths:4 | Escaped the Abyss
298464 | Geh:1    | Entered Level 1 of Gehenna
302890 | Geh:6    | Reached skill level 27 in Armour
303062 | Geh:7    | Entered Level 7 of Gehenna
304037 | Depths:4 | Voluntarily entered the Abyss.
304037 | Abyss:1  | Noticed an ancient lich
304040 | Abyss:1  | Killed an ancient lich
304073 | Depths:4 | Escaped the Abyss
304595 | Depths:4 | Voluntarily entered the Abyss.
304688 | Depths:4 | Escaped the Abyss
304871 | Depths:4 | Voluntarily entered the Abyss.
305001 | Depths:4 | Escaped the Abyss
305042 | Depths:4 | Voluntarily entered the Abyss.
305210 | Abyss:2  | Found a corrupted altar of Lugonu.
305268 | Abyss:2  | Found a corrupted altar of Lugonu.
305309 | Abyss:2  | Found a corrupted altar of Lugonu.
305425 | Abyss:2  | Found a corrupted altar of Lugonu.
305433 | Depths:4 | Escaped the Abyss
305585 | Depths:4 | Voluntarily entered the Abyss.
305696 | Abyss:1  | Found an ornate altar of the Wu Jian Council.
305886 | Abyss:1  | Found an ornate altar of the Wu Jian Council.
306778 | Depths:4 | Escaped the Abyss
307438 | Geh:7    | Noticed the Serpent of Hell
308129 | Geh:7    | Killed the Serpent of Hell
308219 | Geh:7    | Reached skill level 27 in Spellcasting
308325 | Geh:7    | Noticed Asmodeus
308377 | Geh:7    | Killed Asmodeus
308480 | Geh:7    | Got an obsidian rune of Zot
308926 | Depths:4 | Voluntarily entered the Abyss.
309488 | Abyss:1  | Found a sparkling altar of Nemelex Xobeh.
310356 | Abyss:1  | Found a sparkling altar of Nemelex Xobeh.
310528 | Abyss:1  | Got a faintly glowing copper ring
310556 | Abyss:1  | Identified the ring of the Inquisitive Wars {rElec MR+ SInv} (You found it on level 1 of the Abyss)
311008 | Abyss:2  | Found an ancient bone altar of Kikubaaqudgha.
311164 | Depths:4 | Escaped the Abyss
311344 | Dis:1    | Entered Level 1 of the Iron City of Dis
318120 | Depths:4 | Voluntarily entered the Abyss.
318200 | Abyss:1  | Gained mutation: Your spells are a little easier to cast, but a little less powerful. [a neqoxec]
318784 | Depths:4 | Escaped the Abyss
318898 | Depths:4 | Voluntarily entered the Abyss.
319059 | Depths:4 | Escaped the Abyss
319090 | Depths:4 | Voluntarily entered the Abyss.
319439 | Abyss:1  | Got a brightly glowing platinum ring
319631 | Abyss:1  | Found a blossoming altar of Fedhas.
319723 | Depths:4 | Escaped the Abyss
319777 | Depths:4 | Voluntarily entered the Abyss.
320331 | Depths:4 | Escaped the Abyss
320512 | Depths:4 | Voluntarily entered the Abyss.
320512 | Abyss:1  | Found a corrupted altar of Lugonu.
320598 | Abyss:1  | Noticed an ancient lich
320650 | Abyss:1  | Found a corrupted altar of Lugonu.
320690 | Depths:4 | Escaped the Abyss
320751 | Depths:4 | Voluntarily entered the Abyss.
321615 | Depths:4 | Escaped the Abyss
321617 | Depths:4 | Voluntarily entered the Abyss.
321926 | Abyss:3  | Found a corrupted altar of Lugonu.
322674 | Abyss:4  | Found a corrupted altar of Lugonu.
322751 | Abyss:4  | Identified the ring "Nititub" {+Inv rElec rF+ Dex-5} (You found it on level 1 of the Abyss)
323014 | Depths:4 | Escaped the Abyss
323085 | Depths:4 | Voluntarily entered the Abyss.
323152 | Depths:4 | Escaped the Abyss
323263 | Depths:4 | Voluntarily entered the Abyss.
324167 | Abyss:1  | Reached skill level 27 in Fighting
324404 | Abyss:1  | Found a corrupted altar of Lugonu.
324465 | Depths:4 | Escaped the Abyss
324509 | Depths:4 | Voluntarily entered the Abyss.
324509 | Abyss:1  | Found a corrupted altar of Lugonu.
324983 | Abyss:2  | Found a corrupted altar of Lugonu.
325300 | Abyss:2  | Found a corrupted altar of Lugonu.
327866 | Abyss:3  | Identified the +1 battleaxe "Astrexynk" {elec, MP+9} (You found it on level 3 of the Abyss)
328655 | Abyss:3  | Found a sacrificial altar of Ru.
328848 | Depths:4 | Escaped the Abyss
328901 | Depths:4 | Voluntarily entered the Abyss.
328903 | Abyss:1  | Noticed an ancient lich
328908 | Abyss:1  | Killed an ancient lich
328952 | Depths:4 | Escaped the Abyss
329053 | Depths:4 | Voluntarily entered the Abyss.
329158 | Abyss:1  | Noticed an ancient lich
329167 | Abyss:1  | Killed an ancient lich
329184 | Depths:4 | Escaped the Abyss
329401 | Depths:4 | Voluntarily entered the Abyss.
329952 | Depths:4 | Escaped the Abyss
330212 | Depths:4 | Voluntarily entered the Abyss.
330344 | Abyss:2  | Found a blossoming altar of Fedhas.
330386 | Abyss:3  | Found a corrupted altar of Lugonu.
330727 | Depths:4 | Escaped the Abyss
330980 | Depths:4 | Voluntarily entered the Abyss.
331061 | Depths:4 | Escaped the Abyss
331193 | Depths:4 | Voluntarily entered the Abyss.
331576 | Abyss:3  | Found a corrupted altar of Lugonu.
331838 | Abyss:3  | Got a scintillating iron ring
332337 | Depths:4 | Escaped the Abyss
332530 | Depths:4 | Voluntarily entered the Abyss.
332551 | Abyss:1  | Got a twisted scimitar
332553 | Abyss:1  | Identified the cursed +3 scimitar of Zienliac {slice, Str-3 Int-2 Dex+10 SInv} (You found it on level 1 of the Abyss)
332555 | Abyss:1  | Identified the ring "Qogeuxecoo" {rPois MP+9 Str+5 SInv} (You found it on level 3 of the Abyss)
332719 | Abyss:2  | Found a corrupted altar of Lugonu.
332853 | Abyss:2  | Paralysed by accursed screaming for 1 turns
333744 | Abyss:3  | Identified the +3 long sword "Oddus" {flame, rElec rPois rF+} (You found it on level 3 of the Abyss)
333894 | Abyss:3  | Identified the ring "Canliz" {+Blink rC+ MR- Int+3 Dex+3 SInv} (You found it on level 3 of the Abyss)
334100 | Abyss:3  | Found a stormy altar of Qazlal.
334661 | Depths:4 | Escaped the Abyss
334680 | Depths:4 | Voluntarily entered the Abyss.
334753 | Abyss:1  | Reached skill level 27 in Shields
334755 | Depths:4 | Escaped the Abyss
335024 | Depths:4 | Voluntarily entered the Abyss.
335415 | Abyss:1  | Gained mutation: Your body sometimes deteriorates upon taking damage. [a neqoxec]
335417 | Abyss:1  | Lost mutation: You are somewhat resistant to further mutation. [potion of mutation]
335417 | Abyss:1  | Lost mutation: Your body sometimes deteriorates upon taking damage. [potion of mutation]
335417 | Abyss:1  | Lost mutation: You are agile. (Dex +2) [potion of mutation]
335417 | Abyss:1  | Gained mutation: You are partially covered in rugged brown scales. (AC +1, +3% HP) [potion of mutation]
335675 | Abyss:1  | Noticed an ancient lich
335679 | Depths:4 | Escaped the Abyss
335830 | Depths:4 | Voluntarily entered the Abyss.
335831 | Abyss:1  | Noticed an ancient lich
335836 | Abyss:1  | Killed an ancient lich
336418 | Depths:4 | Escaped the Abyss
336556 | Depths:4 | Voluntarily entered the Abyss.
336556 | Abyss:1  | Found a corrupted altar of Lugonu.
336866 | Abyss:2  | Found a corrupted altar of Lugonu.
337279 | Abyss:3  | Gained mutation: You expend magic power (3 MP) to strengthen your wands. [a cacodemon]
337350 | Depths:4 | Escaped the Abyss
337352 | Depths:4 | Voluntarily entered the Abyss.
338000 | Depths:4 | Escaped the Abyss
338055 | Depths:4 | Voluntarily entered the Abyss.
338384 | Abyss:1  | Identified the +3 leather armour "Kyonkio" {MR- Str+4 Int+2 Stlth+} (You found it on level 1 of the Abyss)
339122 | Abyss:2  | Gained mutation: Armour fits poorly on your strangely shaped body. [a neqoxec]
339151 | Abyss:2  | Lost mutation: Your spells are a little easier to cast, but a little less powerful. [potion of mutation]
339151 | Abyss:2  | Lost mutation: You expend magic power (3 MP) to strengthen your wands. [potion of mutation]
339151 | Abyss:2  | Lost mutation: Your skin blends seamlessly with your surroundings (Stealth++). [potion of mutation]
339151 | Abyss:2  | Gained mutation: You are frail. (-10% HP) [potion of mutation]
339151 | Abyss:2  | Lost mutation: Armour fits poorly on your strangely shaped body. [potion of mutation]
339151 | Abyss:2  | Gained mutation: You are resistant to hostile enchantments. (MR+) [potion of mutation]
339200 | Abyss:2  | Lost mutation: Your system is resistant to poisons. (rPois) [potion of mutation]
339200 | Abyss:2  | Lost mutation: Your skin changes colour to match your surroundings (Stealth+). [potion of mutation]
339200 | Abyss:2  | Lost mutation: You are frail. (-10% HP) [potion of mutation]
339200 | Abyss:2  | Gained mutation: Your magical capacity is low. (-10% MP) [potion of mutation]
339200 | Abyss:2  | Gained mutation: You have a pair of small antennae on your head. [potion of mutation]
339200 | Abyss:2  | Gained mutation: Your system is resistant to poisons. (rPois) [potion of mutation]
339200 | Abyss:2  | Gained mutation: You are partially covered in thin metallic scales. (AC +2) [potion of mutation]
339202 | Abyss:2  | Lost mutation: Your magical capacity is low. (-10% MP) [potion of mutation]
339202 | Abyss:2  | Gained mutation: You have a pair of antennae on your head. [potion of mutation]
339205 | Abyss:2  | Lost mutation: You have a pair of antennae on your head. [potion of mutation]
339205 | Abyss:2  | Lost mutation: Your system is resistant to poisons. (rPois) [potion of mutation]
339205 | Abyss:2  | Lost mutation: You are resistant to hostile enchantments. (MR+) [potion of mutation]
339205 | Abyss:2  | Gained mutation: You are clumsy. (Dex -2) [potion of mutation]
339205 | Abyss:2  | Gained mutation: Potions are less effective at restoring your health. [potion of mutation]
339205 | Abyss:2  | Gained mutation: You are partially covered in large bone plates. (SH +4) [potion of mutation]
339219 | Depths:4 | Escaped the Abyss
339315 | Zot:2    | Bought a potion of mutation for 136 gold pieces
339315 | Zot:2    | Bought a potion of mutation for 136 gold pieces
339320 | Zot:2    | Lost mutation: You are clumsy. (Dex -2) [potion of mutation]
339320 | Zot:2    | Lost mutation: You are partially covered in large bone plates. (SH +4) [potion of mutation]
339320 | Zot:2    | Lost mutation: Potions are less effective at restoring your health. [potion of mutation]
339320 | Zot:2    | Lost mutation: You have a pair of small antennae on your head. [potion of mutation]
339320 | Zot:2    | Gained mutation: Your magical capacity is low. (-10% MP) [potion of mutation]
339320 | Zot:2    | Gained mutation: Your flesh is cold resistant. (rC+) [potion of mutation]
339616 | Dis:6    | Reached skill level 27 in Dodging
340357 | Dis:7    | Entered Level 7 of the Iron City of Dis
345503 | Dis:7    | Noticed Dispater
345541 | Dis:7    | Killed Dispater
345546 | Dis:7    | Got an iron rune of Zot
345790 | Depths:4 | Voluntarily entered the Abyss.
345804 | Abyss:1  | Reached skill level 15 in Fire Magic
345880 | Abyss:2  | Found a corrupted altar of Lugonu.
345900 | Abyss:2  | Found a corrupted altar of Lugonu.
345942 | Abyss:2  | Found a shadowy altar of Dithmenos.
346267 | Depths:4 | Escaped the Abyss
347300 | Vaults:5 | Found Utul's Distillery.
347300 | Vaults:5 | Found Majov's Magic Scroll Boutique.
347307 | Vaults:5 | Bought a potion of mutation for 88 gold pieces
347307 | Vaults:5 | Bought a potion of magic for 88 gold pieces
347437 | Vaults:5 | Got a silver rune of Zot
347461 | Vaults:5 | Found Bimm's Distillery.
347466 | Vaults:5 | Bought a potion of mutation for 128 gold pieces
347481 | Vaults:5 | Found Beuxuwit's Distillery.
347509 | Vaults:5 | Found Puyllas's Food Shop.
348121 | Depths:4 | Voluntarily entered the Abyss.
348200 | Abyss:2  | Found a corrupted altar of Lugonu.
348734 | Abyss:3  | Gained mutation: You are frail. (-10% HP) [a cacodemon]
348769 | Depths:4 | Escaped the Abyss
348772 | Depths:4 | Lost mutation: Your magical capacity is low. (-10% MP) [potion of mutation]
348772 | Depths:4 | Lost mutation: You are frail. (-10% HP) [potion of mutation]
348772 | Depths:4 | Gained mutation: Potions are less effective at restoring your health. [potion of mutation]
348772 | Depths:4 | Gained mutation: You are agile. (Dex +2) [potion of mutation]
348772 | Depths:4 | Gained mutation: Your muscles are strong. (Str +2) [potion of mutation]
348844 | Depths:4 | Voluntarily entered the Abyss.
349115 | Depths:4 | Escaped the Abyss
349145 | Depths:4 | Voluntarily entered the Abyss.
349145 | Abyss:1  | Found a corrupted altar of Lugonu.
349254 | Abyss:1  | Identified the ring of the Devil {rN+ Dex+7} (You found it on level 1 of the Abyss)
350101 | Abyss:2  | Paralysed by you for 3 turns
350797 | Abyss:3  | Found a corrupted altar of Lugonu.
350890 | Abyss:3  | Found a corrupted altar of Lugonu.
351050 | Abyss:3  | Found a corrupted altar of Lugonu.
351154 | Abyss:3  | Found a corrupted altar of Lugonu.
351334 | Depths:4 | Escaped the Abyss
351376 | Depths:4 | Learned a level 8 spell: Lehudib's Crystal Spear
351399 | Depths:4 | Learned a level 9 spell: Fire Storm
351687 | Lair:2   | Learned a level 7 spell: Spellforged Servitor
351727 | Lair:2   | Learned a level 7 spell: Haunt
351997 | Depths:4 | Voluntarily entered the Abyss.
352019 | Abyss:1  | Reached skill level 1 in Summonings
352361 | Abyss:1  | Reached skill level 5 in Summonings
352671 | Abyss:2  | Found a corrupted altar of Lugonu.
352736 | Abyss:2  | Identified the Collected Works on Lucky Poison
353498 | Abyss:3  | Found a corrupted altar of Lugonu.
353531 | Abyss:3  | Reached skill level 10 in Summonings
353660 | Abyss:3  | Found a corrupted altar of Lugonu.
355183 | Abyss:3  | Reached skill level 15 in Summonings
355831 | Abyss:3  | Found a corrupted altar of Lugonu.
356835 | Abyss:3  | Found an ancient bone altar of Kikubaaqudgha.
356850 | Abyss:3  | Gained mutation: You have an increased reservoir of magic. (+10% MP) [a shining eye]
357393 | Abyss:3  | Found a bloodstained altar of Trog.
357406 | Depths:4 | Escaped the Abyss
357424 | Depths:4 | Learned a level 6 spell: Deflect Missiles
357462 | Depths:4 | Voluntarily entered the Abyss.
357482 | Abyss:1  | Identified the Volume of Beyond
357505 | Depths:4 | Escaped the Abyss
357709 | Depths:4 | Voluntarily entered the Abyss.
357777 | Depths:4 | Escaped the Abyss
357885 | Depths:4 | Voluntarily entered the Abyss.
357888 | Abyss:1  | Noticed an ancient lich
358012 | Abyss:2  | Found a basalt altar of Yredelemnul.
358304 | Abyss:3  | Paralysed by you for 6 turns
358416 | Depths:4 | Escaped the Abyss
358418 | Depths:4 | Voluntarily entered the Abyss.
358419 | Abyss:1  | Found a corrupted altar of Lugonu.
358452 | Abyss:2  | Found a corrupted altar of Lugonu.
359561 | Abyss:2  | Found a corrupted altar of Lugonu.
359574 | Abyss:2  | Identified the +5 rapier "Ucilufes" {pain, rN+ MR+} (You found it on level 2 of the Abyss)
359650 | Abyss:2  | Reached skill level 10 in Charms
359984 | Abyss:3  | Found a corrupted altar of Lugonu.
360621 | Abyss:4  | Reached skill level 10 in Air Magic
360732 | Abyss:4  | Found a corrupted altar of Lugonu.
360780 | Abyss:4  | Found a corrupted altar of Lugonu.
360967 | Depths:4 | Escaped the Abyss
361166 | Depths:4 | Voluntarily entered the Abyss.
361166 | Abyss:1  | Noticed an ancient lich
361170 | Abyss:1  | Killed an ancient lich
361190 | Abyss:1  | Paralysed by accursed screaming for 2 turns
361201 | Depths:4 | Escaped the Abyss
361472 | Depths:4 | Voluntarily entered the Abyss.
362767 | Abyss:3  | Found a sparkling altar of Nemelex Xobeh.
363177 | Depths:4 | Escaped the Abyss
363257 | Depths:4 | Voluntarily entered the Abyss.
363400 | Abyss:1  | Noticed an ancient lich
363404 | Abyss:1  | Killed an ancient lich
363425 | Depths:4 | Escaped the Abyss
363534 | Depths:4 | Voluntarily entered the Abyss.
364130 | Abyss:2  | Found a corrupted altar of Lugonu.
364287 | Depths:4 | Escaped the Abyss
364355 | Depths:4 | Voluntarily entered the Abyss.
365149 | Depths:4 | Escaped the Abyss
365151 | Depths:4 | Voluntarily entered the Abyss.
365420 | Abyss:1  | Noticed an ancient lich
365450 | Abyss:1  | Killed an ancient lich
365466 | Abyss:1  | Noticed an ancient lich
365472 | Abyss:1  | Killed an ancient lich
365487 | Depths:4 | Escaped the Abyss
365570 | Depths:4 | Voluntarily entered the Abyss.
365739 | Abyss:1  | Found a basalt altar of Yredelemnul.
366244 | Abyss:1  | Found a viscous altar of Jiyva.
366410 | Abyss:1  | Paralysed by accursed screaming for 1 turns
366451 | Depths:4 | Escaped the Abyss
366561 | Depths:4 | Voluntarily entered the Abyss.
370297 | Abyss:3  | Gained mutation: You are frail. (-10% HP) [a neqoxec]
370298 | Abyss:3  | Gained mutation: Your spells are a little easier to cast, but a little less powerful. [a neqoxec]
370375 | Depths:4 | Escaped the Abyss
370393 | Depths:4 | Lost mutation: You are partially covered in thin metallic scales. (AC +2) [potion of mutation]
370393 | Depths:4 | Lost mutation: Your spells are a little easier to cast, but a little less powerful. [potion of mutation]
370393 | Depths:4 | Lost mutation: Your muscles are strong. (Str +2) [potion of mutation]
370393 | Depths:4 | Lost mutation: You are agile. (Dex +2) [potion of mutation]
370393 | Depths:4 | Gained mutation: You have large cloven feet. [potion of mutation]
370393 | Depths:4 | Gained mutation: Your mind is acute. (Int +2) [potion of mutation]
370394 | Depths:4 | Lost mutation: Your flesh is cold resistant. (rC+) [potion of mutation]
370394 | Depths:4 | Lost mutation: You have an increased reservoir of magic. (+10% MP) [potion of mutation]
370394 | Depths:4 | Lost mutation: Potions are less effective at restoring your health. [potion of mutation]
370394 | Depths:4 | Gained mutation: You are covered in fur. (AC +1) [potion of mutation]
370497 | Depths:2 | Bought a potion of mutation for 160 gold pieces
370571 | Depths:4 | Voluntarily entered the Abyss.
370571 | Abyss:1  | Found a corrupted altar of Lugonu.
370586 | Abyss:1  | Found a corrupted altar of Lugonu.
370715 | Depths:4 | Escaped the Abyss
370856 | Depths:4 | Voluntarily entered the Abyss.
370861 | Abyss:1  | Found an iron altar of Okawaru.
370865 | Abyss:2  | Found a corrupted altar of Lugonu.
371172 | Abyss:2  | Paralysed by accursed screaming for 1 turns
373426 | Depths:4 | Escaped the Abyss
373534 | Depths:4 | Voluntarily entered the Abyss.
373767 | Depths:4 | Escaped the Abyss
373921 | Depths:4 | Voluntarily entered the Abyss.
374012 | Abyss:1  | Noticed an ancient lich
374036 | Abyss:1  | Killed an ancient lich
374049 | Depths:4 | Escaped the Abyss
374161 | Depths:4 | Voluntarily entered the Abyss.
374282 | Abyss:1  | Found an opulent altar of Gozag.
374696 | Depths:4 | Escaped the Abyss
374737 | Depths:4 | Voluntarily entered the Abyss.
374737 | Abyss:1  | Found a corrupted altar of Lugonu.
374810 | Abyss:1  | Found a corrupted altar of Lugonu.
374905 | Depths:4 | Escaped the Abyss
374907 | Depths:4 | Voluntarily entered the Abyss.
374907 | Abyss:1  | Found a corrupted altar of Lugonu.
375114 | Abyss:1  | Found a corrupted altar of Lugonu.
375894 | Abyss:3  | Found a corrupted altar of Lugonu.
376355 | Abyss:3  | Found a corrupted altar of Lugonu.
376412 | Abyss:3  | Paralysed by accursed screaming for 1 turns
376463 | Abyss:3  | Found an ornate altar of the Wu Jian Council.
376723 | Abyss:3  | Identified the ring of Bosimobb {+Inv rF+ rC- rN+ Str+3 Stlth+} (You found it on level 3 of the Abyss)
376865 | Abyss:3  | Found a corrupted altar of Lugonu.
376891 | Abyss:3  | Found a corrupted altar of Lugonu.
377601 | Depths:4 | Escaped the Abyss
377626 | Depths:4 | Voluntarily entered the Abyss.
377712 | Abyss:1  | Gained mutation: You are covered in thick fur. (AC +2) [a cacodemon]
377805 | Abyss:1  | Noticed an ancient lich
377822 | Abyss:1  | Killed an ancient lich
378157 | Abyss:2  | Found a corrupted altar of Lugonu.
378313 | Abyss:2  | Found a corrupted altar of Lugonu.
379780 | Abyss:3  | Reached skill level 27 in Fire Magic
380082 | Abyss:3  | Gained mutation: Potions are less effective at restoring your health. [a neqoxec]
380467 | Abyss:3  | Found a corrupted altar of Lugonu.
380497 | Abyss:3  | Found a corrupted altar of Lugonu.
381446 | Abyss:3  | Found a corrupted altar of Lugonu.
381527 | Abyss:3  | Found a corrupted altar of Lugonu.
381618 | Abyss:3  | Found a corrupted altar of Lugonu.
381696 | Abyss:3  | Found an ornate altar of the Wu Jian Council.
382272 | Depths:4 | Escaped the Abyss
382297 | Depths:4 | Voluntarily entered the Abyss.
382936 | Abyss:2  | Found a corrupted altar of Lugonu.
383201 | Abyss:2  | Found a corrupted altar of Lugonu.
383439 | Abyss:2  | Found a corrupted altar of Lugonu.
383864 | Abyss:2  | Found a shattered altar of Ashenzari.
383874 | Depths:4 | Escaped the Abyss
383889 | Depths:4 | Voluntarily entered the Abyss.
383889 | Abyss:1  | Found a corrupted altar of Lugonu.
383906 | Abyss:1  | Found a corrupted altar of Lugonu.
384188 | Depths:4 | Escaped the Abyss
384296 | Depths:4 | Got a flickering pewter amulet
384297 | Depths:4 | Identified the amulet "Apleitt" {Spirit Dex+2} (You acquired it on level 4 of the Depths)
384336 | Depths:4 | Voluntarily entered the Abyss.
384362 | Abyss:1  | Found a corrupted altar of Lugonu.
384866 | Depths:4 | Escaped the Abyss
384868 | Depths:4 | Voluntarily entered the Abyss.
384875 | Abyss:1  | Noticed an ancient lich
384883 | Abyss:1  | Killed an ancient lich
385328 | Abyss:1  | Paralysed by accursed screaming for 1 turns
386330 | Abyss:1  | Noticed an ancient lich
386345 | Abyss:1  | Killed an ancient lich
386571 | Abyss:1  | Identified the +3 ring mail "Jyax" {rPois} (You found it on level 1 of the Abyss)
387120 | Abyss:1  | Paralysed by accursed screaming for 2 turns
387468 | Abyss:2  | Identified the +2 plate armour of Dyspraxia {Int+3} (You found it on level 2 of the Abyss)
388391 | Abyss:2  | Found a corrupted altar of Lugonu.
389115 | Abyss:2  | Reached skill level 27 in Conjurations
390095 | Depths:4 | Escaped the Abyss
390276 | Depths:4 | Voluntarily entered the Abyss.
390390 | Depths:4 | Escaped the Abyss
390408 | Depths:4 | Voluntarily entered the Abyss.
390408 | Abyss:1  | Found a corrupted altar of Lugonu.
390532 | Abyss:1  | Found a corrupted altar of Lugonu.
390894 | Depths:4 | Escaped the Abyss
391027 | Depths:4 | Voluntarily entered the Abyss.
391307 | Abyss:2  | Found a shadowy altar of Dithmenos.
391614 | Abyss:2  | Reached skill level 27 in Stealth
391630 | Depths:4 | Escaped the Abyss
391981 | Zig:1    | Entered Level 1 of a ziggurat
391998 | Zig:2    | Entered Level 2 of a ziggurat
392096 | Zig:2    | Identified Ysarox's Handbook of Damaging Necromancy
392106 | Zig:3    | Entered Level 3 of a ziggurat
392172 | Zig:4    | Entered Level 4 of a ziggurat
392233 | Zig:4    | Identified the +1 troll leather armour of the Vaults {Regen+ Str+5} (You found it on level 4 of a ziggurat)
392255 | Zig:5    | Entered Level 5 of a ziggurat
392258 | Zig:5    | Noticed Laizag the pandemonium lord
392262 | Zig:5    | Killed Laizag the pandemonium lord
392358 | Zig:6    | Entered Level 6 of a ziggurat
392432 | Zig:7    | Entered Level 7 of a ziggurat
392517 | Zig:8    | Entered Level 8 of a ziggurat
392704 | Zig:9    | Entered Level 9 of a ziggurat
392712 | Zig:9    | Reached skill level 15 in Evocations
392715 | Zig:9    | Noticed Udangaxe the pandemonium lord
392717 | Zig:9    | Killed Udangaxe the pandemonium lord
392796 | Zig:10   | Entered Level 10 of a ziggurat
392803 | Zig:10   | Noticed Gyhilona the pandemonium lord
392804 | Zig:10   | Found the +10 large shield of Ignorance {rN+ Int-4}
392808 | Zig:10   | Killed Gyhilona the pandemonium lord
392900 | Zig:10   | Found the +8 glaive of the Guard {elec, +Rage AC+5 SInv}
392921 | Zig:10   | Identified the Grimoire of Execration
392941 | Zig:11   | Entered Level 11 of a ziggurat
392952 | Zig:11   | Found the cursed +13 scythe of Curses {drain, *Curse}
393043 | Zig:11   | Identified the cursed +0 pair of gloves of a bailey {rC- Regen+ MP+9 Slay+5} (You found it on level 11 of a ziggurat)
393045 | Zig:11   | Identified the cursed -2 cloak "Rybiycax" {rPois rC+ Str+3 Slay+2} (You found it on level 11 of a ziggurat)
393047 | Zig:11   | Identified Qaxterixt's Collected Works on Evil and the Rocks
393049 | Zig:11   | Identified the Volume of Arcane Weapons
393056 | Zig:11   | Identified the +7 short sword "Pabu" {pierce, *Corrode +Blink rF+ Stlth+} (You found it on level 11 of a ziggurat)
393283 | Zig:12   | Entered Level 12 of a ziggurat
393443 | Zig:12   | Identified the Volume of Transmigration
393496 | Zig:13   | Entered Level 13 of a ziggurat
393502 | Zig:13   | Noticed a greater mummy
393507 | Zig:13   | Noticed a greater mummy
393507 | Zig:13   | Killed a greater mummy
393512 | Zig:13   | Killed a greater mummy
393537 | Zig:13   | Found the ring of Phasing {EV+8}
393545 | Zig:13   | Identified the +1 chain mail of the Doge {rCorr Dex+6} (You found it on level 13 of a ziggurat)
393633 | Zig:14   | Entered Level 14 of a ziggurat
393656 | Zig:14   | Noticed Resot the pandemonium lord
393662 | Zig:14   | Noticed Gotsawkod the pandemonium lord
393662 | Zig:14   | Killed Resot the pandemonium lord
393673 | Zig:14   | Noticed Zugecuf the pandemonium lord
393685 | Zig:14   | Killed Gotsawkod the pandemonium lord
393703 | Zig:14   | Killed Zugecuf the pandemonium lord
393741 | Zig:14   | Found the +5 scythe "Finisher" {speed, Str+3}
393907 | Zig:14   | Identified the Handbook of Orientation and Calling
393966 | Zig:15   | Entered Level 15 of a ziggurat
393980 | Zig:15   | Found the +0 mask of the Dragon {MR+ Slay+3 SInv}
394010 | Zig:15   | Got a heavily runed tin ring
394011 | Zig:15   | Identified the ring of the Crown {rPois Str+3 SInv} (You found it on level 15 of a ziggurat)
394120 | Zig:16   | Entered Level 16 of a ziggurat
394134 | Zig:16   | Noticed Hacipesk the pandemonium lord
394138 | Zig:16   | Noticed Tuizoomp the pandemonium lord
394139 | Zig:16   | Noticed Emeoth the pandemonium lord
394140 | Zig:16   | Killed Tuizoomp the pandemonium lord
394141 | Zig:16   | Noticed Bauwk the pandemonium lord
394142 | Zig:16   | Noticed Weelo the pandemonium lord
394166 | Zig:16   | Noticed Huwene the pandemonium lord
394169 | Zig:16   | Killed Bauwk the pandemonium lord
394171 | Zig:16   | Killed Weelo the pandemonium lord
394175 | Zig:16   | Noticed Qeepiox the pandemonium lord
394186 | Zig:16   | Killed Hacipesk the pandemonium lord
394192 | Zig:16   | Killed Qeepiox the pandemonium lord
394195 | Zig:16   | Killed Emeoth the pandemonium lord
394210 | Zig:16   | Killed Huwene the pandemonium lord
394268 | Zig:16   | Got a glittering ruby amulet
394269 | Zig:16   | Identified the amulet of Ephemeral Luck {Inacc *Drain +Blink rElec Str-3 Dex+4} (You found it on level 16 of a ziggurat)
394986 | Pan      | Entered Pandemonium
395473 | Pan      | Noticed Yna Run the pandemonium lord
396170 | Pan      | Killed Yna Run the pandemonium lord
397405 | Pan      | Found an exit through the horrors of the Abyss.
397491 | Pan      | Noticed zx48k's ghost (legendary CeGl)
397500 | Pan      | Killed zx48k's ghost
398660 | Pan      | Found an exit through the horrors of the Abyss.
398684 | Pan      | Noticed Muikhaow the pandemonium lord
398696 | Pan      | Killed Muikhaow the pandemonium lord
399282 | Pan      | Found an exit through the horrors of the Abyss.
399601 | Pan      | Noticed Tunor the pandemonium lord
399611 | Pan      | Killed Tunor the pandemonium lord
401314 | Pan      | Lost mutation: You have large cloven feet. [potion of mutation]
401314 | Pan      | Lost mutation: You are frail. (-10% HP) [potion of mutation]
401314 | Pan      | Gained mutation: You possess an exceptional clarity of mind. [potion of mutation]
401813 | Pan      | Found an exit through the horrors of the Abyss.
402544 | Pan      | Noticed Munueb the pandemonium lord
402952 | Pan      | Killed Munueb the pandemonium lord
403305 | Pan      | Found an exit through the horrors of the Abyss.
403661 | Pan      | Noticed Cesodu the pandemonium lord
403668 | Pan      | Killed Cesodu the pandemonium lord
404054 | Pan      | Got a demonic rune of Zot
404202 | Pan      | Entered the realm of Cerebov.
405764 | Pan      | Identified the amulet "Jarghaij" {Faith rC+} (You took it off an efreet in Pandemonium)
406596 | Pan      | Identified the +5 short sword "Aduiqenu" {pierce, +Blink rC++ Int-3} (You found it in Pandemonium)
409017 | Pan      | Identified Uphurghihas's Guide on Mutagenic Dark Rites
409022 | Pan      | Identified the Handbook of the Poisonous Volcanoes
409931 | Pan      | Noticed Cerebov
409996 | Pan      | Reached skill level 27 in Evocations
410017 | Pan      | Killed Cerebov
410033 | Pan      | Got a fiery rune of Zot
411453 | Pan      | Noticed Sesenn the pandemonium lord
411454 | Pan      | Killed Sesenn the pandemonium lord
411466 | Pan      | Entered the realm of Gloorx Vloq.
413177 | Pan      | Noticed Gloorx Vloq
413195 | Pan      | Killed Gloorx Vloq
413401 | Pan      | Got a dark rune of Zot
413964 | Pan      | Noticed Ikiqaxeo the pandemonium lord
414072 | Pan      | Killed Ikiqaxeo the pandemonium lord
414358 | Pan      | Found an exit through the horrors of the Abyss.
414367 | Pan      | Took an exit into the Abyss.
414367 | Abyss:1  | Escaped into the Abyss
414372 | Abyss:1  | Found a corrupted altar of Lugonu.
414379 | Abyss:1  | Found a corrupted altar of Lugonu.
414383 | Abyss:1  | Found a corrupted altar of Lugonu.
414436 | Depths:3 | Escaped the Abyss
415413 | Pan      | Entered the realm of Lom Lobon.
415413 | Pan      | Entered Pandemonium
415413 | Pan      | Noticed Lom Lobon
415419 | Pan      | Killed Lom Lobon
415864 | Pan      | Got a magical rune of Zot
415981 | Pan      | Found an exit through the horrors of the Abyss.
416368 | Pan      | Got a sparkling bronze ring
416369 | Pan      | Identified the ring "Ropp" {Str+4 Slay+3} (You acquired it in Pandemonium)
417422 | Pan      | Found a runed door.
417428 | Pan      | Found a runed door.
417651 | Pan      | Found a runed door.
417984 | Pan      | Found an exit through the horrors of the Abyss.
417991 | Pan      | Found a runed door.
418643 | Pan      | Noticed Wesm the pandemonium lord
418648 | Pan      | Killed Wesm the pandemonium lord
418684 | Pan      | Identified the +10 scimitar "Ughi" {holy, rPois Dex+2} (You found it in Pandemonium)
418710 | Pan      | Entered the realm of Mnoleg.
419085 | Pan      | Identified the ring "Ezuhou" {*Slow rC+ rN+ Dex+2 SInv} (You acquired it in Pandemonium)
419657 | Pan      | Gained mutation: Armour fits poorly on your strangely shaped body. [a cacodemon]
419832 | Pan      | Gained mutation: You occasionally shout uncontrollably at your foes. [a neqoxec]
419850 | Pan      | Lost mutation: Your mind is acute. (Int +2) [potion of mutation]
419850 | Pan      | Lost mutation: Armour fits poorly on your strangely shaped body. [potion of mutation]
419850 | Pan      | Gained mutation: Your magical capacity is low. (-10% MP) [potion of mutation]
419850 | Pan      | Gained mutation: Your system is resistant to poisons. (rPois) [potion of mutation]
419851 | Pan      | Lost mutation: You occasionally shout uncontrollably at your foes. [potion of mutation]
419851 | Pan      | Lost mutation: You possess an exceptional clarity of mind. [potion of mutation]
419851 | Pan      | Gained mutation: You evolve. [potion of mutation]
419851 | Pan      | Gained mutation: Potions are poor at restoring your health. [potion of mutation]
419851 | Pan      | Gained mutation: You rapidly evolve. [potion of mutation]
420124 | Pan      | Noticed Mnoleg
420143 | Pan      | Killed Mnoleg
420234 | Pan      | Gained mutation: You have a pair of small antennae on your head. [evolution]
420306 | Pan      | Lost mutation: You have a pair of small antennae on your head. [potion of mutation]
420306 | Pan      | Lost mutation: You rapidly evolve. [potion of mutation]
420306 | Pan      | Lost mutation: Your magical capacity is low. (-10% MP) [potion of mutation]
420306 | Pan      | Lost mutation: You evolve. [potion of mutation]
420306 | Pan      | Gained mutation: You are dopey. (Int -2) [potion of mutation]
420306 | Pan      | Gained mutation: You are robust. (+10% HP) [potion of mutation]
420577 | Pan      | Got a glowing rune of Zot
420754 | Depths:5 | Escaped Pandemonium
421307 | Zot:5    | Noticed an ancient lich
421310 | Zot:5    | Killed an ancient lich
421381 | Zot:5    | Noticed an orb of fire
421426 | Zot:5    | Lost mutation: You are dopey. (Int -2) [an orb of fire]
421426 | Zot:5    | Gained mutation: Your magical capacity is low. (-10% MP) [an orb of fire]
421430 | Zot:5    | Killed an orb of fire
421431 | Zot:5    | Noticed an ancient lich
421436 | Zot:5    | Killed an ancient lich
421578 | Zot:5    | Killed an ancient lich
421765 | Zot:5    | Noticed an orb of fire
421771 | Zot:5    | Killed an orb of fire
421837 | Zot:5    | Killed an orb of fire
422390 | Zot:5    | Got the Orb of Zot
422415 | Zot:5    | Killed an ancient lich
422666 | D:15     | Gained mutation: You are dopey. (Int -2) [a cacodemon]
422962 | D:1      | Reached skill level 27 in Summonings
422983 | D:$      | Escaped with the Orb!

Skill      XL: |  1  2  3  4  5  6  7  8  9 10 11 12 13 14 15 16 17 18 19 20 21 22 23 24 25 26 27 |
---------------+----------------------------------------------------------------------------------+-----
Stealth        | 5 6 11 13 14 15 18 19 22 27 | 27.0
Hexes          | 5 7 8 10 11 12 13 17 18 20 | 20.0
Short Blades   | 2 3 5 8 10 11 12 14 25 | 25.2
Dodging        | 3 4 5 7 10 11 15 27 | 27.0
Armour         | 1 3 5 8 27 | 27.0
Shields        | 3 6 8 11 12 27 | 27.0
Ice Magic      | 3 5 |  5.0
Spellcasting   | 4 5 6 8 9 10 12 13 14 27 | 27.0
Necromancy     | 5 6 7 10 13 14 16 19 | 19.7
Fighting       | 4 5 7 12 15 27 | 27.0
Evocations     | 4 8 11 13 27 | 27.0
Conjurations   | 4 6 10 11 12 13 27 | 27.0
Fire Magic     | 4 6 8 10 27 | 27.0
Earth Magic    | 9 12 15 17 27 | 27.0
Transmutations | 9 |  9.0
Charms         | 11 | 11.0
Air Magic      | 11 | 11.1
Long Blades    | 24 | 24.1
Translocations | 21 | 21.5
Summonings     | 27 | 27.0

Action                   |  1- 3 |  4- 6 |  7- 9 | 10-12 | 13-15 | 16-18 | 19-21 | 22-24 | 25-27 || total
-------------------------+-------+-------+-------+-------+-------+-------+-------+-------+-------++-------
Melee: Dagger            |    87 |   155 |   316 |       |    15 |       |    16 |       |  1983 ||  2572
       Bite              |     2 |    19 |    29 |    50 |    96 |   119 |   168 |   198 |  7489 ||  8170
       Short sword       |       |       |    26 |   528 |  1121 |  1378 |  1400 |       |       ||  4453
       Unarmed           |       |       |       |       |     2 |     2 |       |       |       ||     4
       Quick blade       |       |       |       |       |       |       |    82 |  1601 | 19515 || 21198
       Demon blade       |       |       |       |       |       |       |       |       | 28330 || 28330
       Double sword      |       |       |       |       |       |       |       |       |    20 ||    20
       Triple sword      |       |       |       |       |       |       |       |       |    14 ||    14
 Cast: Corona            |     9 |       |       |       |       |     1 |       |       |       ||    10
       Ensorcelled Hiber |    27 |    27 |    46 |   112 |   228 |   320 |   109 |   167 |   125 ||  1161
       Confuse           |       |    11 |    50 |   113 |   115 |   184 |   360 |   288 |  1207 ||  2328
       Animate Dead      |       |       |       |     7 |    16 |     4 |    29 |    23 |    58 ||   137
       Pain              |       |       |       |       |     4 |       |     4 |       |       ||     8
       Dispel Undead     |       |       |       |       |    35 |    41 |    30 |    78 |  1407 ||  1591
       Bolt of Draining  |       |       |       |       |       |    12 |       |       |       ||    12
       Agony             |       |       |       |       |       |     5 |     5 |     2 |       ||    12
       Sticky Flame      |       |       |       |       |       |     1 |    36 |    39 |   135 ||   211
       Iskenderun's Myst |       |       |       |       |       |       |   154 |   248 |   287 ||   689
       Fireball          |       |       |       |       |       |       |    35 |    41 |    55 ||   131
       Lee's Rapid Decon |       |       |       |       |       |       |       |    91 |   519 ||   610
       Iron Shot         |       |       |       |       |       |       |       |    54 |  3386 ||  3440
       Cause Fear        |       |       |       |       |       |       |       |     3 |     1 ||     4
       Shatter           |       |       |       |       |       |       |       |       |   529 ||   529
       Lehudib's Crystal |       |       |       |       |       |       |       |       |   416 ||   416
       Passwall          |       |       |       |       |       |       |       |       |   128 ||   128
       Controlled Blink  |       |       |       |       |       |       |       |       |    73 ||    73
       Fire Storm        |       |       |       |       |       |       |       |       |    57 ||    57
       Spellforged Servi |       |       |       |       |       |       |       |       |    14 ||    14
       Orb of Destructio |       |       |       |       |       |       |       |       |    11 ||    11
       Airstrike         |       |       |       |       |       |       |       |       |     9 ||     9
       Haunt             |       |       |       |       |       |       |       |       |     8 ||     8
       Darkness          |       |       |       |       |       |       |       |       |     4 ||     4
       Deflect Missiles  |       |       |       |       |       |       |       |       |     2 ||     2
       Swiftness         |       |       |       |       |       |       |       |       |     1 ||     1
Invok: Receive Corpses   |       |       |       |       |     1 |     5 |     8 |     4 |    58 ||    76
       Receive Necronomi |       |       |       |       |       |     1 |       |       |       ||     1
 Abil: End Transformatio |       |     3 |     2 |     5 |    12 |     4 |     2 |     1 |    22 ||    51
       Bat Form          |       |     3 |     2 |     5 |    12 |     4 |     2 |     1 |    22 ||    51
       Evoke Invisibilit |       |       |       |       |     1 |     3 |       |     1 |     7 ||    12
       Evoke Blink       |       |       |       |       |       |       |       |       |    17 ||    17
Evoke: Wand              |       |       |     1 |     1 |     8 |    22 |     7 |    19 |   113 ||   171
       Phantom mirror    |       |       |       |       |     1 |       |       |       |     1 ||     2
       Lamp of fire      |       |       |       |       |       |       |     1 |       |    17 ||    18
       Lightning rod     |       |       |       |       |       |       |       |     4 |    17 ||    21
       Horn of Geryon    |       |       |       |       |       |       |       |       |     4 ||     4
       Fan of gales      |       |       |       |       |       |       |       |       |     1 ||     1
       Figurine of a zig |       |       |       |       |       |       |       |       |     1 ||     1
  Use: Potion            |     3 |     8 |     9 |    19 |    20 |    35 |    31 |    41 |   719 ||   885
       Scroll            |     2 |     3 |     5 |    15 |    13 |    13 |    23 |    23 |   207 ||   304
 Stab: Sleeping          |    26 |    16 |    44 |   105 |   175 |   247 |    94 |   125 |   267 ||  1099
       Distracted        |     1 |       |       |     3 |     4 |     4 |     5 |     8 |   843 ||   868
       Confused          |       |     5 |    25 |    57 |    73 |   102 |   203 |   180 |  1193 ||  1838
       Invisible         |       |       |       |       |     3 |     8 |       |     3 |    50 ||    64
       Paralysed         |       |       |       |       |       |     1 |       |       |    23 ||    24
       Fleeing           |       |       |       |       |       |       |       |     2 |       ||     2
       Petrified         |       |       |       |       |       |       |       |       |     6 ||     6
       Petrifying        |       |       |       |       |       |       |       |       |     1 ||     1
Armor: Robe              |    12 |    40 |    44 |       |     1 |       |       |       |       ||    97
       Leather armour    |       |       |    31 |    83 |       |       |       |       |       ||   114
       Troll leather arm |       |       |       |       |   244 |   404 |   228 |   323 |  2021 ||  3220
       Fire dragon scale |       |       |       |       |       |       |       |       |  3802 ||  3802
Dodge: Dodged            |    53 |   102 |   139 |   269 |   447 |   650 |   445 |   609 | 20406 || 23120
       Deflected         |       |       |     2 |     7 |     6 |       |       |       |    38 ||    53
Block: Buckler           |       |       |    80 |   145 |   236 |       |       |       |       ||   461
       Shield            |       |       |       |       |   242 |  1066 |   825 |   922 | 32073 || 35128
       Reflection        |       |       |       |       |    22 |    36 |   135 |    79 |   193 ||   465
       Other             |       |       |       |       |       |     5 |       |     2 |     3 ||    10
       Rpst.: Demon blade |       |       |       |       |       |       |       |       |  2387 ||  2387
       Double sword      |       |       |       |       |       |       |       |       |     5 ||     5
       Triple sword      |       |       |       |       |       |       |       |       |     4 ||     4
